Workbook
Name yhik: [1]s!$C$14
Name yhik: [1]s!$C$14
Name yhik: [1]s!$C$14
Name yhik: [1]s!$C$14
Name yhik: [1]s!$C$14
Name yhik: [1]s!$C$14
Name yhik: [2]s!$C$11

Sheet Cont
A1: AS LHV Group
A2: 46112
A5: LHV Factbook
A7: Table of Contents
A9: Vision, Mission and Structure
A10: Strategy and Financial Plan
A11: LHV Credit Ratings
A12: AS LHV Group Income Statement
A13: AS LHV Group Balance Sheet
A14: AS LHV Group Financial and Operational Ratios
A15: AS LHV Group Capital Ratios
A16: AS LHV Group Loans by Economic Sectors
A17: AS LHV Group Quality of Loans
A18: AS LHV Group Liabilities
... A38: Financial Calendar and Contacts

Sheet Str
A1: AS LHV Group
A2: =Cont!A2 -> 46112
A5: Vision and mission | J5: back
A15: Legal structure

Sheet FP
A1: AS LHV Group
A2: =Cont!A2 -> 46112
A5: Strategy and financial plan | I5: back
A21: Financial results, EURt | B21: 2026 | C21: 2027 | D21: 2028 | E21: 2029 | F21: 2030 | G21: 5y growth
A23: Total revenue, incl. | B23: 333581 | C23: 409985 | D23: 466231 | E23: 525139 | F23: 593407 | G23: 0.15
A24: Net interest income | B24: 252852 | C24: 315116 | D24: 362870 | E24: 409410 | F24: 464427
A25: Net fee and commission income | B25: 77780 | C25: 90832 | D25: 97042 | E25: 106961 | F25: 117695
A26: Total expenses | B26: 160718 | C26: 167566 | D26: 180431 | E26: 191184 | F26: 203486 | G26: 0.06
A28: Earning before impairment | B28: 172863 | C28: 242419 | D28: 285800 | E28: 333955 | F28: 389921
A29: Impairment losses | B29: 15163 | C29: 15619 | D29: 18532 | E29: 21107 | F29: 22059
B30: -29270 | C30: -41391 | D30: -49565 | E30: -58232 | F30: -68486
A31: Income tax expense | B31: 29270 | C31: 41391 | D31: 49565 | E31: 58232 | F31: 68486
A33: Net profit | B33: 117861 | C33: 176118 | D33: 207591 | E33: 245099 | F33: 290227 | G33: 0.25
A34: Attr. to shareholders | B34: 115784 | C34: 173240 | D34: 203701 | E34: 240011 | F34: 284000
A36: Business volumes, EURm | B36: 2026 | C36: 2027 | D36: 2028 | E36: 2029 | F36: 2030
A37: Deposits from customers | B37: 8577 | C37: 9562 | D37: 10512 | E37: 11607 | F37: 12814
A38: Loans (net) | B38: 6082 | C38: 7083 | D38: 8067 | E38: 9152 | F38: 10147
A39: Fin.intermediaries' payments, mil. pcs | B39: 93 | C39: 108 | D39: 119 | E39: 131 | F39: 144
A40: Assets under management | B40: 1898 | C40: 2164 | D40: 2447 | E40: 2748 | F40: 3067
A42: Key figures | B42: 2026 | C42: 2027 | D42: 2028 | E42: 2029 | F42: 2030
A43: Cost / income ratio | B43: 0.513 | C43: 0.431 | D43: 0.409 | E43: 0.382 | F43: 0.358
A44: ROE* | B44: 0.15 | C44: 0.2 | D44: 0.21 | E44: 0.221 | F44: 0.234
A45: T1 capital adequacy | B45: 0.177 | C45: 0.178 | D45: 0.182 | E45: 0.179 | F45: 0.178
A46: Total capital adequacy | B46: 0.209 | C46: 0.205 | D46: 0.209 | E46: 0.208 | F46: 0.205

Sheet KR
A1: AS LHV Group
A2: =Cont!A2 -> 46112
A5: Credit ratings | J5: back
B7: Latest affirmed rating | C7: Affirmation date | D7: Outlook | E7: Dec 25 | F7: Dec 24 | G7: 45291 | H7: 44926 | I7: 44561 | J7: 44196
A8: AS LHV Group
A9: Long-term local currency issuer rating | B9: Baa2 | C9: 45901 | D9: positive | E9: Baa2 | F9: Baa3 | G9: Baa3 | H9: Baa3 | I9: Baa3
A10: Senior unsecured debt | B10: Baa2 | C10: 45901 | D10: positive | E10: Baa2 | F10: Baa3 | G10: Baa3 | H10: Baa3 | I10: Baa3
A11: AS LHV Pank
A12: Long-term counterparty risk assessment | B12: A3 (cr) | C12: 45901 | D12: positive | E12: A3 (cr) | F12: A3 (cr) | G12: A3 (cr) | H12: A3 (cr) | I12: A3 (cr) | J12: A3 (cr)
A13: Short-term counterparty risk assessment | B13: P-2 (cr) | C13: 45901 | D13: positive | E13: P-2 (cr) | F13: P-2 (cr) | G13: P-2 (cr) | H13: P-2 (cr) | I13: P-2 (cr) | J13: P-2 (cr)
A14: Long-term counterparty risk rating | B14: A3 | C14: 45901 | D14: positive | E14: A3 | F14: A3 | G14: A3 | H14: A3 | I14: A3 | J14: A3
A15: Short-term counterparty risk rating | B15: P-2 | C15: 45901 | D15: positive | E15: P-2 | F15: P-2 | G15: P-2 | H15: P-2 | I15: P-2 | J15: P-2
A16: Foreign- and local currency long-term bank deposit | B16: A3 | C16: 45901 | D16: positive | E16: A3 | F16: Baa1 | G16: Baa1 | H16: Baa1 | I16: Baa1 | J16: Baa1
A17: Foreign- and local currency short-term bank deposit | B17: P-2 | C17: 45901 | D17: positive | E17: P-2 | F17: P-2 | G17: P-2 | H17: P-2 | I17: P-2 | J17: P-2
A18: Baseline credit assessment | B18: baa2 | C18: 45901 | D18: positive | E18: baa2 | F18: baa3 | G18: baa3 | H18: baa3 | I18: baa3 | J18: baa3
A19: Adjusted baseline credit assessment | B19: baa2 | C19: 45901 | D19: positive | E19: baa2 | F19: baa3 | G19: baa3 | H19: baa3 | I19: baa3 | J19: baa3
A20: Long-term rating to the mortgage covered bonds | B20: Aaa | C20: 45758 | D20: na | E20: Aaa | F20: Aa1 | G20: Aa1 | H20: Aa1 | I20: Aa1 | J20: Aa1
A22: LHV credit ratings are assigned by rating agency Moody’s Investors Service.

Sheet gPL 9Q
A1: AS LHV Group
A2: =Cont!A2 -> 46112
A5: Income statement, 9 quarters | J5: back
A7: Income statement, EURt | B7: Q1-26 | C7: Q4-25 | D7: Q3-25 | E7: Q2-25 | F7: Q1-25 | G7: Q4-24 | H7: Q3-24 | I7: Q2-24 | J7: Q1-24
A8: Interest income | B8: 106809.61 | C8: 105540.33 | D8: 104294.56 | E8: 103656.02 | F8: 105486.84 | G8: 113032.34 | H8: 112493.08 | I8: 111243.63 | J8: 106761.59
A9: Interest expense | B9: -47532.565 | C9: -45626.696 | D9: -48762.844 | E9: -46012.621 | F9: -43477.091 | G9: -46476.354 | H9: -45066.747 | I9: -40818.336 | J9: -37843.487
A10: Net interest income | B10: 59277.042 | C10: 59913.637 | D10: 55531.716 | E10: 57643.403 | F10: 62009.746 | G10: 66555.989 | H10: 67426.33 | I10: 70425.297 | J10: 68918.099
A11: Fee and commission income | B11: 20121.562 | C11: 22876.746 | D11: 21377.31 | E11: 21547.095 | F11: 19433.523 | G11: 20572.773 | H11: 20213.475 | I11: 19296.561 | J11: 18591.759
A12: Fee and commission expense | B12: -5424.4768 | C12: -4564.7958 | D12: -6082.46 | E12: -5966.6528 | F12: -5362.6221 | G12: -3250.1605 | H12: -5583.7924 | I12: -4944.5737 | J12: -4594.7855
A13: Net fee and commission income | B13: 14697.086 | C13: 18311.95 | D13: 15294.85 | E13: 15580.442 | F13: 14070.901 | G13: 17322.612 | H13: 14629.683 | I13: 14351.987 | J13: 13996.974
A14: Net gains from financial assets | B14: 312.70652 | C14: 215.44973 | D14: 1166.6467 | E14: -380.17872 | F14: 2747.8102 | G14: -197.91226 | H14: 798.73205 | I14: -36.482008 | J14: 535.7797
A15: Other operating income | B15: 64.670923 | C15: 242.51332 | D15: 40.062768 | E15: -0.54871 | F15: -3.65835 | G15: 1190.2228 | H15: 354.15912 | I15: 638.0257 | J15: 418.32033
A16: Net insurance income | B16: -689.12114 | C16: 165.58133 | D16: 627.724 | E16: 1063.9871 | F16: 597.30642 | G16: 48.88521 | H16: 357.42767 | I16: 420.81002 | J16: 144.03181
A17: Other income | B17: -311.7437 | C17: 623.54438 | D17: 1834.4334 | E17: 683.25963 | F17: 3341.4583 | G17: 1041.1957 | H17: 1510.3188 | I17: 1022.3537 | J17: 1098.1318
A18: Total net income | B18: 73662.384 | C18: 78849.132 | D18: 72660.999 | E18: 73907.105 | F18: 79422.105 | G18: 84919.797 | H18: 83566.331 | I18: 85799.638 | J18: 84013.205
A19: Staff costs | B19: -25736.839 | C19: -23061.871 | D19: -22350.712 | E19: -22900.493 | F19: -22655.953 | G19: -22831.04 | H19: -19498.756 | I19: -20420.451 | J19: -19565.074
... A31: Profit attributable to owners of the parent | B31: 19848.279 | C31: 29945.77 | D31: 25702.163 | E31: 30049.369 | F31: 28567.914 | G31: 35753.652 | H31: 34386.06 | I31: 38285.178 | J31: 40544.451
A33: Net profits of group companies
A34: LHV Pank (unconsolidated) | B34: 23993.104 | C34: 25476.359 | D34: 23407.935 | E34: 28691.302 | F34: 27977.687 | G34: 33245.278 | H34: 33659.949 | I34: 34399.481 | J34: 37899.255
A35: LHV Finance | B35: -601.7458 | C35: 2489.0129 | D35: 1344.0013 | E35: 1228.2433 | F35: 244.3267 | G35: 1807.2133 | H35: 698.88481 | I35: 696.95668 | J35: 81.54549
A36: LHV Varahaldus | B36: -601.11607 | C36: 2684.6289 | D36: 805.54568 | E36: 531.52531 | F36: 103.30305 | G36: 508.65658 | H36: 583.32731 | I36: 744.21142 | J36: -220.43449
A37: LHV Kindlustus | B37: -673.72312 | C37: 129.53025 | D37: 650.20011 | E37: 1076.8072 | F37: 664.78902 | G37: 67.71738 | H37: 452.24334 | I37: 421.5071 | J37: 256.09772
A38: LHV Bank | B38: 1251.815 | C38: 2267.352 | D38: 1022.5775 | E38: 126.22535 | F38: 2124.7909 | G38: 640.23425 | H38: -601.5303 | I38: 937.89811 | J38: 4867.9949
A39: LHV Paytech | B39: -233.41733 | C39: -7.50235 | D39: 198.72752 | E39: 102.98044 | F39: 206.15773 | G39: 25.43139 | H39: 187.74287 | I39: 228.0058 | J39: 223.93093
A40: LHV Group (stand-alone) | B40: 94355.872 | C40: -479.22942 | D40: -682.98678 | E40: -555.08163 | F40: 129208.48 | G40: 425.95597 | H40: 118.94632 | I40: 1559.1909 | J40: 79633.094
A43: Income statement, 5 years
A45: Income statement, EURt | B45: 2025 | C45: 2024 | D45: 2023 | E45: 2022 | F45: 2021
A46: Interest income | B46: 418977.75 | C46: 443530.64 | D46: 336620.1 | E46: 152413.43 | F46: 124641
A47: Interest expense | B47: -183879.25 | C47: -170204.92 | D47: -82800.914 | E47: -23302.046 | F47: -27322.484
A48: Net interest income | B48: 235098.5 | C48: 273325.72 | D48: 253819.19 | E48: 129111.38 | F48: 97318.516
A49: Fee and commission income | B49: 85234.674 | C49: 78674.568 | D49: 67416.201 | E49: 61258.549 | F49: 59905.598
A50: Fee and commission expense | B50: -21976.531 | C50: -18373.312 | D50: -16581.356 | E50: -16595.428 | F50: -17346.357
A51: Net fee and commission income | B51: 63258.143 | C51: 60301.256 | D51: 50834.845 | E51: 44663.12 | F51: 42559.241
A52: Net gains from financial assets | B52: 3749.7279 | C52: 1100.1175 | D52: 728.64631 | E52: -595.38548 | F52: -947.52148
A53: Other operating income | B53: 278.36902 | C53: 2600.7279 | D53: 1764.2294 | E53: 126.2913 | F53: 530.24882
A54: Net insurance income | B54: 2454.5988 | C54: 971.15471 | D54: 3310.3549 | E54: 236.77683 | F54: 918.98478
A55: Other income | B55: 6482.6957 | C55: 4672.0001 | D55: 5803.2306 | E55: -232.31735 | F55: 501.71212
A56: Total net income | B56: 304839.34 | C56: 338298.97 | D56: 310457.26 | E56: 173542.19 | F56: 140379.47
... A69: Profit attributable to owners of the parent | B69: 114265.21 | C69: 148969.34 | D69: 139601.38 | E69: 59807.434 | F69: 58261.484
A71: Net profits of group companies
A72: LHV Pank (unconsolidated) | B72: 105553.28 | C72: 139203.96 | D72: 140123.88 | E72: 78439.877 | F72: 61409.166
A73: LHV Finance | B73: 5305.5843 | C73: 3284.6002 | D73: 2855.9342 | E73: 6180.5694 | F73: 6541.7289
A74: LHV Varahaldus | B74: 4125.0029 | C74: 1615.7608 | D74: 1651.5833 | E74: -102.6904 | F74: 695.10434
A75: LHV Kindlustus | B75: 2521.3266 | C75: 1197.5655 | D75: 304.69031 | E75: -1693.2141 | F75: -822.96614
A76: LHV Bank | B76: 5540.9457 | C76: 5844.597 | D76: 5278.6424 | E76: -11670.108 | F76: -2991.7293
A77: LHV Paytech | B77: 500.36334 | C77: 665.11099 | D77: 478.63142 | E77: -462.11472 | F77: -484.92826
A78: LHV Group (stand-alone) | B78: 127491.18 | C78: 81737.187 | D78: 722.63215 | E78: 3505.452 | F78: 8892.8566

Sheet gBS 9Q
A1: AS LHV Group
A2: =Cont!A2 -> 46112
A5: Balance sheet, 9 quarters | J5: back
A7: Balance sheet, EURt | B7: 46112 | C7: 46022 | D7: 45930 | E7: 45838 | F7: 45747 | G7: 45657 | H7: 45565 | I7: 45473 | J7: 45382
A8: Cash and due from banks | B8: 3875262.2 | C8: 4312403.5 | D8: 3837093.1 | E8: 3867486.7 | F8: 3279271.3 | G8: 3818305.1 | H8: 3376015.5 | I8: 3217447.9 | J8: 3402337.8
A9: Financial assets | B9: 456984.83 | C9: 402990.69 | D9: 402971.49 | E9: 454978.45 | F9: 442462.54 | G9: 309804.14 | H9: 259933.22 | I9: 157130.96 | J9: 249968
A10: Loans granted | B10: 5627847.2 | C10: 5507092.3 | D10: 5279528.1 | E10: 5038379.4 | F10: 4774969.7 | G10: 4591906.1 | H10: 4168778 | I10: 3925877 | J10: 3676442.4
A11: Allowances for credit losses | B11: -42605.877 | C11: -41701.621 | D11: -45276.773 | E11: -39734.157 | F11: -45628.324 | G11: -39813.315 | H11: -42543.358 | I11: -35332.561 | J11: -31842.682
A12: Receivables from customers | B12: 28288.021 | C12: 12387.421 | D12: 12403.134 | E12: 18307.568 | F12: 10510.956 | G12: 5366.6578 | H12: 10598.153 | I12: 15918.83 | J12: 22933.578
A13: Other assets | B13: 37976.756 | C13: 39789.803 | D13: 42979.811 | E13: 44377.285 | F13: 46698.406 | G13: 50742.176 | H13: 47566.833 | I13: 48680.671 | J13: 50732.864
A14: Total assets | B14: 9983753.2 | C14: 10232962 | D14: 9529698.9 | E14: 9383795.3 | F14: 8508284.6 | G14: 8736310.9 | H14: 7820348.4 | I14: 7329722.8 | J14: 7370571.9
A15: Demand deposits | B15: 5953051.7 | C15: 6146417.1 | D15: 5599116.1 | E15: 5496972.2 | F15: 4834264.7 | G15: 4855100.7 | H15: 4160515.8 | I15: 3882999.1 | J15: 3926713.7
A16: Term deposits | B16: 1826274.1 | C16: 1967617.4 | D16: 1830938.4 | E16: 1841684.2 | F16: 1736810.9 | G16: 2019593.3 | H16: 2085709.9 | I16: 1862361.3 | J16: 1970166.4
A17: Accrued interest liability | B17: 23412.097 | C17: 20403.799 | D17: 22843.648 | E17: 25684.759 | F17: 33416.054 | G17: 35415.656 | H17: 40134.331 | I17: 38568.917 | J17: 37461.361
A18: Loans received | B18: 1054679.7 | C18: 1043617.2 | D18: 1048555.8 | E18: 1037347.1 | F18: 936214.85 | G18: 927685.83 | H18: 679550.38 | I18: 735281.32 | J18: 568355.18
... A25: Total liabilities and equity | B25: 9983753.2 | C25: 10232962 | D25: 9529698.9 | E25: 9383795.3 | F25: 8508284.6 | G25: 8736310.9 | H25: 7820348.4 | I25: 7329722.8 | J25: 7370571.9
A28: Balance sheet, 5 years
A30: Balance sheet, EURt | B30: 46022 | C30: 45657 | D30: 45291 | E30: 44926 | F30: 44561
A31: Cash and due from banks | B31: 4312403.5 | C31: 3818305.1 | D31: 3119394.3 | E31: 2482287.8 | F31: 3987312
A32: Financial assets | B32: 402990.69 | C32: 309804.14 | D32: 340340.68 | E32: 373583.73 | F32: 135855.76
A33: Loans granted | B33: 5507092.3 | C33: 4591906.1 | D33: 3591516.7 | E33: 3229214.4 | F33: 2696209.6
A34: Allowances for credit losses | B34: -41701.621 | C34: -39813.315 | D34: -29725.481 | E34: -20642.4 | F34: -19049.234
A35: Receivables from customers | B35: 12387.421 | C35: 5366.6578 | D35: 49504.524 | E35: 21019.391 | F35: 9746.0452
A36: Other assets | B36: 39789.803 | C36: 50742.176 | D36: 54559.466 | E36: 49538.792 | F36: 34856.135
A37: Total assets | B37: 10232962 | C37: 8736310.9 | D37: 7125590.2 | E37: 6135001.8 | F37: 6844930.3
A38: Demand deposits | B38: 6146417.1 | C38: 4855100.7 | D38: 3808162.1 | E38: 4644843.2 | F38: 5649592.7
A39: Term deposits | B39: 1967617.4 | C39: 2019593.3 | D39: 1897963.5 | E39: 254974.84 | F39: 159282.66
A40: Accrued interest liability | B40: 20403.799 | C40: 35415.656 | D40: 24879.521 | E40: 696.66298 | F40: -1255.434
A41: Loans received | B41: 1043617.2 | C41: 927685.83 | D41: 563633.73 | E41: 586253.57 | F41: 546279.52
... A48: Total liabilities and equity | B48: 10232962 | C48: 8736310.9 | D48: 7125590.2 | E48: 6135001.8 | F48: 6844930.3

Sheet gSA
A1: AS LHV Group
A2: =Cont!A2 -> 46112
A5: Financial and Operational Ratios, 9 quarters | J5: back
A7: Financial and operational ratios | B7: Q1-26 | C7: Q4-25 | D7: Q3-25 | E7: Q2-25 | F7: Q1-25 | G7: Q4-24 | H7: Q3-24 | I7: Q2-24 | J7: Q1-24
A8: Return on Equity (ROE) | B8: 0.1073489 | C8: 0.16115621 | D8: 0.14318184 | E8: 0.17446235 | F8: 0.17047922 | G8: 0.21971253 | H8: 0.22431762 | I8: 0.25826333 | J8: 0.28458028
A9: pre-tax ROE | B9: 0.14408442 | C9: 0.19971845 | D9: 0.17563201 | E9: 0.21332224 | F9: 0.21078023 | G9: 0.26052879 | H9: 0.26078034 | I9: 0.29860018 | J9: 0.32852404
A10: Return on Assets (ROA) | B10: 0.0077908388 | C10: 0.012456195 | D10: 0.011128063 | E10: 0.013755728 | F10: 0.013527738 | G10: 0.01754874 | H10: 0.0183221 | I10: 0.020998396 | J10: 0.02246242
A11: CFROI | B11: 0.18742969 | C11: 0.20131234 | D11: 0.22269889 | E11: 0.25360617 | F11: 0.28733012 | G11: 0.30992046 | H11: 0.33577273 | I11: 0.3617768 | J11: 0.3577023
A12: Net Interest Margin (NIM) | B12: 0.02356262 | C12: 0.02434303 | D12: 0.023589387 | E12: 0.025893411 | F12: 0.028897022 | G12: 0.032315653 | H12: 0.03581932 | I12: 0.038632873 | J12: 0.038460629
A13: Spread | B13: 0.021631278 | C13: 0.022562621 | D13: 0.021572055 | E13: 0.023728382 | F13: 0.026746218 | G13: 0.029975909 | H13: 0.033237688 | I13: 0.036215927 | J13: 0.036251698
A14: Cost/Income ratio (C/I) | B14: 0.61859431 | C14: 0.53890252 | D14: 0.53346549 | E14: 0.54811136 | F14: 0.47270589 | G14: 0.48025615 | H14: 0.42973121 | I14: 0.42074561 | J14: 0.40619157
A15: Equity Multiplier (EM) | B15: 13.667698 | C15: 13.294346 | D15: 13.170433 | E15: 12.984858 | F15: 12.863405 | G15: 12.717951 | H15: 12.353945 | I15: 12.395617 | J15: 12.718516
A16: Cost of Risk (CoR) | B16: 0.00092976734 | C16: -0.001243551 | D16: 0.0013020637 | E16: -0.0033964317 | F16: 0.0048582983 | G16: 0.0009944009 | H16: 0.0072205983 | I16: 0.0053302249 | J16: 0.0031514599
A17: Loans/Deposits ratio (L/D) | B17: 0.71580533 | C17: 0.67188298 | D17: 0.70231087 | E17: 0.6787634 | F17: 0.71607954 | G17: 0.6587584 | H17: 0.65637899 | I17: 0.67264729 | J17: 0.61415402
A18: L/D (w-o banking services deposits) ratio | B18: 0.6986641 | C18: 0.68827638 | D18: 0.72413704 | E18: 0.69804345 | F18: 0.74928324 | G18: 0.81946312 | H18: 0.76678679 | I18: 0.78901845 | J18: 0.74296542
A19: Assets under Custody (EURm) | B19: 4723.0145 | C19: 4581.5315 | D19: 4482.5466 | E19: 4391.1304 | F19: 4132.3893 | G19: 3984.272 | H19: 3801.9671 | I19: 3813.5286 | J19: 3824.833
... A21: Number of Employees (full-time) | B21: 1182.35 | C21: 1171.95 | D21: 1166 | E21: 1142.3 | F21: 1152.95 | G21: 1214.675 | H21: 1175.985 | I21: 1135.635 | J21: 1073.11
A24: Financial and Operational Ratios, 5 years
A26: Financial and operational ratios | B26: 2025 | C26: 2024 | D26: 2023 | E26: 2022 | F26: 2021
A27: Return on Equity (ROE) | B27: 0.16003676 | C27: 0.24450969 | D27: 0.29042157 | E27: 0.1640001 | F27: 0.21063069
A28: Pre-tax ROE | B28: 0.19706404 | C28: 0.28467615 | D28: 0.33970513 | E28: 0.20262714 | F28: 0.24884823
A29: Return on Assets (ROA) | B29: 0.012336228 | C29: 0.018951561 | D29: 0.021256644 | E29: 0.0094655514 | F29: 0.010199954
A30: CFROI | B30: 0.20131234 | C30: 0.30992046 | D30: 0.36048545 | E30: 0.22504574 | F30: 0.26381258
A31: Net Interest Margin (NIM) | B31: 0.024893233 | C31: 0.034765999 | D31: 0.038756527 | E31: 0.020055735 | F31: 0.016574123
A32: Spread | B32: 0.023018383 | C32: 0.032619075 | D32: 0.037611426 | E32: 0.019819056 | F32: 0.016332742
A33: Cost/Income ratio (C/I) | B33: 0.5225925 | C33: 0.43428921 | D33: 0.4326565 | E33: 0.51652819 | F33: 0.46433254
A34: Equity Multiplier (EM) | B34: 13.283925 | C34: 13.017405 | D34: 13.793424 | E34: 17.796368 | F34: 21.359594
A35: Cost of Risk (CoR) | B35: 0.00030185579 | C35: 0.0039895897 | D35: 0.0033955264 | E35: 0.0027235354 | F35: 0.0016075041
A36: Loans/Deposits ratio (L/D) | B36: 0.67188298 | C36: 0.6587584 | D36: 0.62149503 | E36: 0.65474185 | F36: 0.46097375
A37: L/D (w-o banking services deposits) ratio | B37: 0.68827638 | C37: 0.81946312 | D37: 0.75147799 | E37: 0.88650393 | F37: 0.75204776
... A40: Number of Employees (full-time) | B40: 1171.95 | C40: 1214.675 | D40: 1051.25 | E40: 874.38 | F40: 639.58

Sheet gKSA
A1: AS LHV Group
A2: =Cont!A2 -> 46112
A5: Capital ratios, 9 quarters | J5: back
A7: EURt | B7: 46112 | C7: 46022 | D7: 45930 | E7: 45838 | F7: 45747 | G7: 45657 | H7: 45565 | I7: 45473 | J7: 45382
A8: Total Tier 1 capital | B8: 713979.43 | C8: 728148.53 | D8: 731845.26 | E8: 713382.62 | F8: 642892.56 | G8: 635271.47 | H8: 595361.19 | I8: 570147.05 | J8: 555701.99
A9: Common Equity Tier 1 capital | B9: 642508.52 | C9: 657890.35 | D9: 660461.29 | E9: 643152.47 | F9: 607585.27 | G9: 599957.07 | H9: 560054.48 | I9: 535147.05 | J9: 500701.99
A10: Additional Tier 1 capital | B10: 71470.91 | C10: 70258.172 | D10: 71383.972 | E10: 70230.143 | F10: 35307.291 | G10: 35314.402 | H10: 35306.71 | I10: 35000 | J10: 55000
A11: Total Tier 2 capital | B11: 137035.26 | C11: 135923.78 | D11: 134870.76 | E11: 90178.94 | F11: 90193.058 | G11: 90195.553 | H11: 70025.962 | I11: 70000 | J11: 70000
A12: Net own funds for capital adequacy calculation | B12: 851014.7 | C12: 864072.3 | D12: 866716.02 | E12: 803561.56 | F12: 733085.62 | G12: 725467.03 | H12: 665387.15 | I12: 640147.05 | J12: 625701.99
A13: MREL-eligible bonds | B13: 476752.8 | C13: 476394.63 | D13: 476028.51 | E13: 475738.43 | F13: 415758.37 | G13: 415435.39 | H13: 415105.24 | I13: 476792.66 | J13: 313073.5
A14: Total net own funds and eligible liabilities | B14: 1327767.5 | C14: 1340466.9 | D14: 1342744.5 | E14: 1279300 | F14: 1148844 | G14: 1140902.4 | H14: 1080492.4 | I14: 1116939.7 | J14: 938775.5
A15: Credit risk RWA | B15: 3397699.1 | C15: 3313598 | D15: 3239374.7 | E15: 3014416.7 | F15: 2928219.6 | G15: 2829675.2 | H15: 2545026.1 | I15: 2441590.8 | J15: 2344638.1
A16: Market risk RWA | B16: 146168.41 | C16: 122396.86 | D16: 123964.4 | E16: 115392.74 | F16: 104792.51 | G16: 90436.869 | H16: 91708.792 | I16: 89497.1 | J16: 7075.397
A17: Credit valuation adjustment risk RWA | B17: 13312.109 | C17: 9693.5237 | D17: 5797.3781 | E17: 5570.733 | F17: 5669.6775 | G17: 3525.4635 | H17: 1647.7383 | I17: 1383.5763 | J17: 2315.745
A18: Operational risk RWA | B18: 414294.63 | C18: 414294.63 | D18: 354509.05 | E18: 354509.05 | F18: 354509.05 | G18: 385579.33 | H18: 385579.33 | I18: 385579.33 | J18: 385579.33
... A40: regulatory minimum requirement | B40: 0.03 | C40: 0.03 | D40: 0.03 | E40: 0.03 | F40: 0.03 | G40: 0.03 | H40: 0.03 | I40: 0.03 | J40: 0.03
A43: Capital ratios, 5 years
A45: EURt | B45: 46022 | C45: 45657 | D45: 45291 | E45: 44926 | F45: 44561
A46: Total Tier 1 capital | B46: 728148.53 | C46: 635271.47 | D46: 526356.88 | E46: 419955.56 | F46: 310356.88
A47: Common Equity Tier 1 capital | B47: 657890.35 | C47: 599957.07 | D47: 471356.88 | E47: 364955.56 | F47: 275356.88
A48: Additional Tier 1 capital | B48: 70258.172 | C48: 35314.402 | D48: 55000 | E48: 55000 | F48: 35000
A49: Total Tier 2 capital | B49: 135923.78 | C49: 90195.553 | D49: 70000 | E49: 75000 | F49: 75000
A50: Net own funds for capital adequacy calculation | B50: 864072.3 | C50: 725467.03 | D50: 596356.88 | E50: 494955.56 | F50: 385356.88
A51: MREL-eligible bonds | B51: 476394.63 | C51: 415435.39 | D51: 311098.38 | E51: 188443.01
A52: Total net own funds and eligible liabilities | B52: 1340466.9 | C52: 1140902.4 | D52: 907455.26 | E52: 683398.57
A53: Credit risk RWA | B53: 3313598 | C53: 2829675.2 | D53: 2279036.9 | E53: 2059477 | F53: 1770047.2
A54: Market risk RWA | B54: 122396.86 | C54: 90436.869 | D54: 2538.9082 | E54: 19064.646 | F54: 5568.203
A55: Credit valuation adjustment risk RWA | B55: 9693.5237 | C55: 3525.4635 | D55: 1966.1331 | E55: 2227.5452 | F55: 1211.1461
A56: Operational risk RWA | B56: 414294.63 | C56: 385579.33 | D56: 259437.38 | E56: 197919.8 | F56: 152778.25
A57: Total risk-weighted assets (RWA) | B57: 3859983.1 | C57: 3309216.8 | D57: 2542979.4 | E57: 2278688.9 | F57: 1929604.8
A58: Leverage ratio risk exposure amount | B58: 10455475 | C58: 8859831.4 | D58: 7193144.6 | E58: 6145422.5 | F58: 7184187
A60: Capital adequacy CT1 | B60: 0.17043866 | C60: 0.18129881 | D60: 0.18535616 | E60: 0.16016033 | F60: 0.14270118
A61: internal minimum requirement | B61: 0.153 | C61: 0.147 | D61: 0.147 | E61: 0.142 | F61: 0.1063
A62: regulatory minimum requirement | B62: 0.1219 | C62: 0.1241 | D62: 0.1241 | E62: 0.1191 | F62: 0.0852
A63: Capital adequacy T1 | B63: 0.18864034 | C63: 0.19197034 | D63: 0.20698433 | E63: 0.18429701 | F63: 0.16083961
A64: internal minimum requirement | B64: 0.173 | C64: 0.1685 | D64: 0.1685 | E64: 0.1635 | F64: 0.1246
A65: regulatory minimum requirement | B65: 0.1425 | C65: 0.1455 | D65: 0.1455 | E65: 0.1405 | F65: 0.1016
... A68: regulatory minimum requirement | B68: 0.17 | C68: 0.174 | D68: 0.174 | E68: 0.169 | F68: 0.1333
A69: MREL-TREA | B69: 0.34727275 | C69: 0.34476508 | D69: 0.35684728 | E69: 0.29990867
A70: internal minimum for dividends | B70: 0.325 | C70: 0.3275 | D70: 0.3275 | E70: 0.25
A71: regulatory minimum requirement | B71: 0.2547 | C71: 0.263 | D71: 0.1908 | E71: 0.1908
A72: regulatory minimum for dividends | B72: 0.3147 | C72: 0.3229 | D72: 0.2508 | E72: 0.2458
A73: MREL-LRE | B73: 0.12820717 | C73: 0.12877247 | D73: 0.12615557 | E73: 0.11120449
A74: internal minimum requirement | B74: 0.07 | C74: 0.062 | D74: 0.062 | E74: 0.062
A75: regulatory minimum requirement | B75: 0.0591 | C75: 0.0591 | D75: 0.0591 | E75: 0.0591
A76: Leverage ratio | B76: 0.069642796 | C76: 0.071702434 | D76: 0.073174795 | E76: 0.068336321 | F76: 0.0432
A77: internal minimum requirement | B77: 0.04 | C77: 0.035 | D77: 0.035 | E77: 0.035 | F77: 0.035
A78: regulatory minimum requirement | B78: 0.03 | C78: 0.03 | D78: 0.03 | E78: 0.03 | F78: 0.03

Sheet gL
A1: AS LHV Group
A2: =Cont!A2 -> 46112
A5: Loans by economic sectors, 9 quarters | J5: back
A7: EURt | B7: 46112 | C7: 46022 | D7: 45930 | E7: 45838 | F7: 45747 | G7: 45657 | H7: 45565 | I7: 45473 | J7: 45382
A8: Individuals | B8: 2033404.3 | C8: 1975900.7 | D8: 1908156 | E8: 1830413 | F8: 1736580 | G8: 1657567 | H8: 1577047 | I8: 1471474 | J8: 1392691
A9: Agriculture | B9: 160109.31 | C9: 161338.23 | D9: 156282 | E9: 55997 | F9: 56108 | G9: 57604 | H9: 102518 | I9: 102679 | J9: 102299
A10: Mining and quarrying | B10: 11447.979 | C10: 11307.019 | D10: 11775 | E10: 12387 | F10: 12691 | G10: 1163 | H10: 1183 | I10: 1307 | J10: 1452
A11: Manufacturing | B11: 250263.29 | C11: 242254.01 | D11: 232187 | E11: 231054 | F11: 206411 | G11: 199907 | H11: 196069 | I11: 197623 | J11: 186370
A12: Energy | B12: 147164.49 | C12: 204068.87 | D12: 203791 | E12: 210269 | F12: 209232 | G12: 217888 | H12: 179978 | I12: 176389 | J12: 176007
A13: Water and utilities | B13: 46962.38 | C13: 45952.426 | D13: 44309 | E13: 37946 | F13: 34928 | G13: 28196 | H13: 29748 | I13: 29762 | J13: 16774
A14: Construction | B14: 63362.46 | C14: 82357.896 | D14: 104221 | E14: 113729 | F14: 108708 | G14: 105108 | H14: 104677 | I14: 100617 | J14: 95242
A15: Wholesale and retail | B15: 147220.65 | C15: 153964.32 | D15: 163473 | E15: 153905 | F15: 164296 | G15: 170881 | H15: 180572 | I15: 181016 | J15: 184813
A16: Transport and logistics | B16: 110501.08 | C16: 111694.02 | D16: 112147 | E16: 113685 | F16: 103475 | G16: 70120 | H16: 79536 | I16: 77241 | J16: 76527
A17: Hotels and restaurants | B17: 136254.16 | C17: 122726.32 | D17: 85534 | E17: 77548 | F17: 60160 | G17: 59906 | H17: 37842 | I17: 27888 | J17: 26285
A18: Information and communication | B18: 26625.725 | C18: 26802.659 | D18: 24906 | E18: 23206 | F18: 25210 | G18: 26682 | H18: 24563 | I18: 24539 | J18: 15392
... A30: Total net loans | B30: 5585241 | C30: 5465390.7 | D30: 5234251.2 | E30: 4998644.8 | F30: 4729340.7 | G30: 4552092.7 | H30: 4126234.6 | I30: 3890544.4 | J30: 3644599.3
A33: Loans by economic sectors, 5 years
A35: EURt | B35: 46022 | C35: 45657 | D35: 45291 | E35: 44926 | F35: 44561
A36: Individuals | B36: 1975900.7 | C36: 1657567 | D36: 1363347 | E36: 1248515 | F36: 1012318
A37: Agriculture | B37: 161338.23 | C37: 57604 | D37: 100905 | E37: 79560 | F37: 68673
A38: Mining and quarrying | B38: 11307.019 | C38: 1163 | D38: 1552 | E38: 1679 | F38: 2037
A39: Manufacturing | B39: 242254.01 | C39: 199907 | D39: 178570 | E39: 155377 | F39: 152568
A40: Energy | B40: 204068.87 | C40: 217888 | D40: 176582 | E40: 93491 | F40: 59132
A41: Water and utilities | B41: 45952.426 | C41: 28196 | D41: 17644 | E41: 29404 | F41: 23745
A42: Construction | B42: 82357.896 | C42: 105108 | D42: 100107 | E42: 111657 | F42: 84790
A43: Wholesale and retail | B43: 153964.32 | C43: 170881 | D43: 200317 | E43: 151254 | F43: 132116
A44: Transport and logistics | B44: 111694.02 | C44: 70120 | D44: 77578 | E44: 25522 | F44: 28888
A45: Hotels and restaurants | B45: 122726.32 | C45: 59906 | D45: 25859 | E45: 35334 | F45: 30721
A46: Information and communication | B46: 26802.659 | C46: 26682 | D46: 16030 | E46: 13844 | F46: 10902
... A58: Total net loans | B58: 5465390.7 | C58: 4552092.7 | D58: 3561790.5 | E58: 3208571.6 | F58: 2677159.8

Sheet gLK
A1: AS LHV Group
A2: =Cont!A2 -> 46112
A5: =CONCATENATE("Quality of loans as at ",TEXT(A2,"[$-en-US]mmmm yyyy")) -> Quality of loans as at March 2026 | J5: back
B7: Over-collateralised loans | D7: Under-collateralised loans | F7: Total
A8: EURt | B8: Carrying value | C8: Fair value of collateral | D8: Carrying value | E8: Fair value of collateral | F8: Carrying value | G8: Fair value of collateral
A9: Stage 1 | B9: 2646325 | C9: 3610394.7 | D9: 2387533.1 | E9: 1635524.1 | F9: 5033858.1 | G9: 5245918.8
A10: Corporate lending | B10: 1325318.3 | C10: 2274182.5 | D10: 1618490.2 | E10: 1070399.8 | F10: 2943808.5 | G10: 3344582.3
A11: Consumer financing | B11: 38.48792 | C11: 38.48792 | D11: 85429.514 | E11: 0 | F11: 85468.001 | G11: 38.48792
A12: Investment financing | B12: 8964.5734 | C12: 24483.22 | D12: 1806.8256 | E12: 2629.2085 | F12: 10771.399 | G12: 27112.428
A13: Leasing | B13: 20383.467 | C13: 20370.617 | D13: 130030.38 | E13: 94759.148 | F13: 150413.85 | G13: 115129.76
A14: Private lending | B14: 1291620.2 | C14: 1291319.8 | D14: 551776.2 | E14: 467736 | F14: 1843396.4 | G14: 1759055.8
A15: Stage 2 | B15: 212799.53 | C15: 243066.93 | D15: 272482.63 | E15: 178262.95 | F15: 485282.16 | G15: 421329.87
A16: Corporate lending | B16: 120709.65 | C16: 149885.23 | D16: 192393.79 | E16: 142071.74 | F16: 313103.43 | G16: 291956.98
A17: Consumer financing | B17: 0.83738 | C17: 0.83738 | D17: 18989.778 | E17: 0 | F17: 18990.615 | G17: 0.83738
A18: Investment financing | B18: 223.96282 | C18: 1329.2409 | D18: 3.2859 | E18: 0.248 | F18: 227.24872 | G18: 1329.4889
A19: Leasing | B19: 3849.6965 | C19: 3849.6965 | D19: 16222.937 | E19: 12519.577 | F19: 20072.633 | G19: 16369.274
A20: Private lending | B20: 88015.389 | C20: 88001.916 | D20: 44872.841 | E20: 23671.38 | F20: 132888.23 | G20: 111673.3
... A26: Private lending | B26: 4180.7728 | C26: 4180.7728 | D26: 268.32839 | E26: 264.75972 | F26: 4449.1012 | G26: 4445.5326
A29: Quality of loans, 5 years
B31: Over-collateralised loans | D31: Under-collateralised loans | F31: Total
A32: EURt | B32: Carrying value | C32: Fair value of collateral | D32: Carrying value | E32: Fair value of collateral | F32: Carrying value | G32: Fair value of collateral
A33: 46022
A34: Faas 1 | B34: 2503106.9 | C34: 3292076.1 | D34: 2444687 | E34: 1624419.3 | F34: 4947793.9 | G34: 4916495.4
A35: Faas 2 | B35: 202180.66 | C35: 221644.36 | D35: 249300.55 | E35: 149138.93 | F35: 451481.2 | G35: 370783.3
A36: Faas 3 | B36: 16194.986 | C36: 20724.169 | D36: 49920.579 | E36: 42783.902 | F36: 66115.565 | G36: 63508.07
A37: 45657
A38: Faas 1 | B38: 1699915 | C38: 2575502 | D38: 2363690 | E38: 1208946 | F38: 4063605 | G38: 3784448
A39: Faas 2 | B39: 249333 | C39: 457386 | D39: 218194 | E39: 138160 | F39: 467527 | G39: 595546
A40: Faas 3 | B40: 18044 | C40: 29063 | D40: 2917 | E40: 1111 | F40: 20961 | G40: 30174
A41: 45291
A42: Faas 1 | B42: 1601382 | C42: 2568667 | D42: 1663359 | E42: 939492 | F42: 3264741 | G42: 3508159
A43: Faas 2 | B43: 162772 | C43: 251716 | D43: 118802 | E43: 68017 | F43: 281574 | G43: 319733
A44: Faas 3 | B44: 10215 | C44: 20086 | D44: 5261 | E44: 3571 | F44: 15476 | G44: 23657
A45: 44926
A46: Faas 1 | B46: 1573312 | C46: 2572693 | D46: 1351510 | E46: 691963 | F46: 2924822 | G46: 3264656
A47: Faas 2 | B47: 162483 | C47: 240281 | D47: 115871 | E47: 70607 | F47: 278354 | G47: 310888
A48: Faas 3 | B48: 5161 | C48: 12235 | D48: 235 | E48: 41 | F48: 5396 | G48: 12276
A49: 44561
A50: Faas 1 | B50: 1106892 | C50: 2175002 | D50: 1258854 | E50: 675832 | F50: 2365746 | G50: 2850834
A51: Faas 2 | B51: 154808 | C51: 246017 | D51: 159693 | E51: 105495 | F51: 314501 | G51: 351512
A52: Faas 3 | B52: 11771 | C52: 24597 | D52: 4193 | E52: 1580 | F52: 15964 | G52: 26177

Sheet gLia
A1: AS LHV Group
A2: =Cont!A2 -> 46112
A5: Liabilities, 9 quarters | J5: back
A7: EURt | B7: 46112 | C7: 46022 | D7: 45930 | E7: 45838 | F7: 45747 | G7: 45657 | H7: 45565 | I7: 45473 | J7: 45382
A8: Banking services' deposits | B8: 1323991.2 | C8: 1573424.5 | D8: 1345165.1 | E8: 1340400.6 | F8: 1222270.3 | G8: 1503491.3 | H8: 1014218.3 | I8: 934369.3 | J8: 1162843.7
A9: Deposits from deposit platforms | B9: 1313284.4 | C9: 1327718.3 | D9: 1183819.4 | E9: 1186410.6 | F9: 890635.71 | G9: 810289.2 | H9: 854893.53 | I9: 607088.52 | J9: 667780.13
A10: Other deposits | B10: 5165462.3 | C10: 5233295.6 | D10: 4923913.6 | E10: 4837530.1 | F10: 4491585.7 | G10: 4596329.1 | H10: 4417248.2 | I10: 4242471.6 | J10: 4103717.7
A11: Total deposits | B11: 7802737.9 | C11: 8134438.3 | D11: 7452898.1 | E11: 7364341.3 | F11: 6604491.7 | G11: 6910109.7 | H11: 6286360.1 | I11: 5783929.4 | J11: 5934341.5
A12: Amounts owed to central banks | B12: 0 | C12: 0 | D12: 0 | E12: 0 | F12: 0 | G12: 0 | H12: 0 | I12: 0 | J12: 0
A13: Covered bonds | B13: 557760.84 | C13: 553797.36 | D13: 557245.82 | E13: 553220.9 | F13: 502236.51 | G13: 500161.08 | H13: 249875.52 | I13: 249738.26 | J13: 249852.89
A14: Senior bonds | B14: 496918.86 | C14: 489819.81 | D14: 491309.99 | E14: 484126.21 | F14: 433978.34 | G14: 427524.75 | H14: 429674.86 | I14: 485543.06 | J14: 318502.29
A15: Other loans received | B15: 0 | C15: 0 | D15: 0 | E15: 0 | F15: 0 | G15: 0 | H15: 0 | I15: 0 | J15: 0
A16: Total loans received and debt securities in issue | B16: 1054679.7 | C16: 1043617.2 | D16: 1048555.8 | E16: 1037347.1 | F16: 936214.85 | G16: 927685.83 | H16: 679550.38 | I16: 735281.32 | J16: 568355.18
A17: Accounts payable and other liabilities | B17: 188873.03 | C17: 80796.646 | D17: 84142.931 | E17: 105690.87 | F17: 163690.78 | G17: 93601.463 | H17: 108604.89 | I17: 100709.53 | J17: 141573.45
A18: Subordinated debt | B18: 209252.73 | C18: 206928.51 | D18: 207001.29 | E18: 161155.64 | F18: 126246.91 | G18: 126256.51 | H18: 106079.23 | I18: 107520.88 | J18: 127567.51
A19: Total liabilities | B19: 9255543.4 | C19: 9465780.7 | D19: 8792598.1 | E19: 8668534.9 | F19: 7830644.2 | G19: 8057653.5 | H19: 7180594.6 | I19: 6727441.1 | J19: 6771837.6
A22: Liabilities, 5 years
A24: EURt | B24: 46022 | C24: 45657 | D24: 45291 | E24: 44926 | F24: 44561
A25: Banking services' deposits | B25: 1573424.5 | C25: 1503491.3 | D25: 1118262.1 | E25: 1281160.1 | F25: 2247792.4
A26: Deposits from deposit platforms | B26: 1327718.3 | C26: 810289.2 | D26: 570221.46 | E26: 545.0488 | F26: 7215.7627
A27: Other deposits | B27: 5233295.6 | C27: 4596329.1 | D27: 4042521.6 | E27: 3618809.5 | F27: 3552611.8
A28: Total deposits | B28: 8134438.3 | C28: 6910109.7 | D28: 5731005.1 | E28: 4900514.7 | F28: 5807620
A29: Amounts owed to central banks | B29: 0 | C29: 0 | D29: 0 | E29: 147840.63 | F29: 197461.11
A30: Covered bonds | B30: 553797.36 | C30: 500161.08 | D30: 249717.65 | E30: 249424.85 | F30: 249120.09
A31: Senior bonds | B31: 489819.81 | C31: 427524.75 | D31: 313916.08 | E31: 188988.1 | F31: 99698.313
A32: Other loans received | B32: 0 | C32: 0 | D32: 0 | E32: 0 | F32: 0
A33: Total loans received and debt securities in issue | B33: 1043617.2 | C33: 927685.83 | D33: 563633.73 | E33: 586253.57 | F33: 546279.52
A34: Accounts payable and other liabilities | B34: 80796.646 | C34: 93601.463 | D34: 147933.96 | E34: 96540.808 | F34: 55852.241
A35: Subordinated debt | B35: 206928.51 | C35: 126256.51 | D35: 126652.24 | E35: 130842.8 | F35: 110377.89
A36: Total liabilities | B36: 9465780.7 | C36: 8057653.5 | D36: 6569225 | E36: 5714151.9 | F36: 6520129.6

Sheet gRi
A1: AS LHV Group
A2: =Cont!A2 -> 46112
A5: Other risk indicators, 9 quarters | J5: back
B7: 46112 | C7: 46022 | D7: 45930 | E7: 45838 | F7: 45747 | G7: 45657 | H7: 45565 | I7: 45473 | J7: 45382
A8: Credit risk
A9: Share of top 10 customers out of own funds | B9: 0.908 | C9: 0.884 | D9: 0.942 | E9: 1.037 | F9: 1.11072 | G9: 0.937 | H9: 0.985 | I9: 1.018 | J9: 0.978
A10: Market risk
A11: Price and foreign exchange risk (% of CET1 funds) | B11: 0.0098 | C11: 0.0053 | D11: 0.0056
A12: Liquidity risk
A13: Liquidity Coverage Ratio LCR1 | B13: 1.918 | C13: 1.85 | D13: 1.805 | E13: 1.991 | F13: 1.862 | G13: 1.875 | H13: 2.11 | I13: 2.146 | J13: 1.984
A14: LCR (regulatory minimum) | B14: 1 | C14: 1 | D14: 1 | E14: 1 | F14: 1 | G14: 1 | H14: 1 | I14: 1 | J14: 1
A15: Liquidity Coverage Ratio w-o fin. inst. deposits | B15: 4.023 | C15: 4.027 | D15: 3.482 | E15: 4.434 | F15: 3.924 | G15: 4.695 | H15: 4.472 | I15: 4.574 | J15: 4.621
A16: Net Stable Funding Ratio NFSR1 | B16: 1.502 | C16: 1.568 | D16: 1.53 | E16: 1.547 | F16: 1.416 | G16: 1.544 | H16: 1.656 | I16: 1.641 | J16: 1.607
A17: NSFR (regulatory minimum) | B17: 1 | C17: 1 | D17: 1 | E17: 1 | F17: 1 | G17: 1 | H17: 1 | I17: 1 | J17: 1
A18: Assets encumbrance ratio | B18: 0.0781 | C18: 0.0758 | D18: 0.0819 | E18: 0.083 | F18: 0.0831 | G18: 0.0805 | H18: 0.0871 | I18: 0.0982 | J18: 0.0993
A19: AML risk
A20: Proportion of the number of payment transactions of customers using the nested correspondence service | B20: 0.143 | C20: 0.1513 | D20: 0.1307 | E20: 0.1194 | F20: 0.1244 | G20: 0.131 | H20: 0.156 | I20: 0.17 | J20: 0.17
A21: 1 Regulatory ratio
A23: Other risk indicators, 5 years
B25: 46022 | C25: 45657 | D25: 45291 | E25: 44926 | F25: 44561
A26: Credit risk
A27: Share of top 10 customers out of own funds | B27: 0.884 | C27: 0.937 | D27: 1.0386148 | E27: 0.934352 | F27: 0.9037
A28: Market risk
A29: Price and foreign exchange risk (% of own funds) | B29: 0.0053 | C29: 0.0115 | D29: 0.0094 | E29: 0.013 | F29: 0.0131
A30: Liquidity risk
A31: Liquidity Coverage Ratio LCR1 | B31: 1.85 | C31: 1.875 | D31: 1.942 | E31: 1.397 | F31: 1.427
A32: LCR (regulatory minimum) | B32: 1 | C32: 1 | D32: 1 | E32: 1 | F32: 1
A33: Liquidity Coverage Ratio w-o fin. inst. deposits | B33: 4.027 | C33: 4.695 | D33: 4.499 | E33: 2.315 | F33: 2.533
A34: Net Stable Funding Ratio NFSR1 | B34: 1.568 | C34: 1.544 | D34: 1.602 | E34: 1.44 | F34: 1.634
A35: NSFR (regulatory minimum) | B35: 1 | C35: 1 | D35: 1 | E35: 1 | F35: 1
A36: Assets encumbrance ratio | B36: 0.0758 | C36: 0.0805 | D36: 0.1011 | E36: 0.0939
A37: AML risk
A38: Proportion of the number of payment transactions of customers using the nested correspondence service | B38: 0.1513 | C38: 0.131 | D38: 0.1832
A39: 1 Regulatory ratio

Sheet gLCR
A1: AS LHV Group
A2: =Cont!A2 -> 46112
A5: Liquidity coverage ratio (LCR), 9 quarters | J5: back
A7: EURt* | B7: 46112 | C7: 46022 | D7: 45930 | E7: 45838 | F7: 45747 | G7: 45657 | H7: 45565 | I7: 45473 | J7: 45382
A8: HQLA, level 1 | B8: 4065181 | C8: 4500111 | D8: 4035038 | E8: 4115729 | F8: 3516504 | G8: 3931638 | H8: 3435298 | I8: 3189900 | J8: 3463775.4
A9: Cash | B9: 3526 | C9: 2545 | D9: 1927 | E9: 1741 | F9: 766 | G9: 1695 | H9: 886 | I9: 1543 | J9: 1045.4178
A10: Government bonds | B10: 382728 | C10: 335145 | D10: 343189 | E10: 397613 | F10: 378994 | G10: 254993 | H10: 212347 | I10: 118919 | J10: 214585.13
A11: Others | B11: 3678927 | C11: 4162421 | D11: 3689922 | E11: 3716375 | F11: 3136744 | G11: 3674950 | H11: 3222065 | I11: 3069438 | J11: 3248144.8
A12: HQLA, level 2 | B12: 0 | C12: 0 | D12: 0 | E12: 0 | F12: 0 | G12: 0 | H12: 0 | I12: 0 | J12: 0
A13: Total high-quality liquid assets | B13: 4065181 | C13: 4500111 | D13: 4035038 | E13: 4115729 | F13: 3516504 | G13: 3931638 | H13: 3435298 | I13: 3189900 | J13: 3463775.4
A14: Deposit outflows | B14: 2202198 | C14: 2469282 | D14: 2244953 | E14: 2073138 | F14: 1912818 | G14: 2126310 | H14: 1645206 | I14: 1523756 | J14: 1739803.8
A15: Retail customers < 30 days; stable deposits | B15: 89047 | C15: 88361 | D15: 86132 | E15: 81751 | F15: 76877 | G15: 74077 | H15: 69660.01 | I15: 67286 | J15: 63932.643
A16: Retail customers < 30 days; less stable deposits | B16: 213918 | C16: 165201 | D16: 155176 | E16: 139078 | F16: 99091 | G16: 97971 | H16: 85190 | I16: 88144 | J16: 88690.783
A17: Operational deposits | B17: 40499 | C17: 34830 | D17: 34825 | E17: 59883 | F17: 24655 | G17: 41798 | H17: 25126 | I17: 28340 | J17: 28229.638
A18: Non-operational deposits | B18: 1858734 | C18: 2180890 | D18: 1968820 | E18: 1792426 | F18: 1712195 | G18: 1912464 | H18: 1465230 | I18: 1339986 | J18: 1558950.8
... A24: LCR (%) | B24: 1.9183001 | C24: 1.8498558 | D24: 1.8049298 | E24: 1.990578 | F24: 1.8621408 | G24: 1.8747404 | H24: 2.1100432 | I24: 2.146124 | J24: 1.9844066
A25: *Liquidity coverage ratio calculation components are presented as weighted amounts
A27: Liquidity coverage ratio (LCR), 5 years
A29: EURt* | B29: 46022 | C29: 45657 | D29: 45291 | E29: 44926 | F29: 44561
A30: HQLA, level 1 | B30: 4500111 | C30: 3931638 | D30: 3266270.9 | E30: 2690650.2 | F30: 3924740.2
A31: Cash | B31: 2545 | C31: 1695 | D31: 773.63231 | E31: 1220.4025 | F31: 631.29665
A32: Government bonds | B32: 335145 | C32: 254993 | D32: 297893.93 | E32: 344556.26 | F32: 83903.63
A33: Others | B33: 4162421 | C33: 3674950 | D33: 2967603.4 | E33: 2344873.5 | F33: 3840205.3
A34: HQLA, level 2 | B34: 0 | C34: 0 | D34: 0 | E34: 0 | F34: 0
A35: Total high-quality liquid assets | B35: 4500111 | C35: 3931638 | D35: 3266270.9 | E35: 2690650.2 | F35: 3924740.2
A36: Deposit outflows | B36: 2469282 | C36: 2126310 | D36: 1682142.9 | E36: 1904364.7 | F36: 2748602.1
A37: Retail customers < 30 days; stable deposits | B37: 88361 | C37: 74077 | D37: 62648.427 | E37: 72786.085 | F37: 61830.923
A38: Retail customers < 30 days; less stable deposits | B38: 165201 | C38: 97971 | D38: 80898.052 | E38: 108325.91 | F38: 107871.25
A39: Operational deposits | B39: 34830 | C39: 41798 | D39: 48705.578 | E39: 56392.633 | F39: 156302.03
A40: Non-operational deposits | B40: 2180890 | C40: 1912464 | D40: 1489890.8 | E40: 1666860.1 | F40: 2422597.9
... A46: LCR (%) | B46: 1.8498558 | C46: 1.8747404 | D46: 1.941773 | E46: 1.3971443 | F46: 1.4268899
A47: *Liquidity coverage ratio calculation components are presented as weighted amounts

Sheet gNSFR
A1: AS LHV Group
A2: =Cont!A2 -> 46112
A5: Net stable funding ratio (NSFR), 9 quarters | J5: back
A7: EURt* | B7: 46112 | C7: 46022 | D7: 45930 | E7: 45838 | F7: 45747 | G7: 45657 | H7: 45565 | I7: 45473 | J7: 45382
A8: Own funds | B8: 851015 | C8: 868265 | D8: 845920 | E8: 781219 | F8: 707371 | G8: 684411 | H8: 634254 | I8: 609697 | J8: 594436.13
A9: Deposits | B9: 5024102 | C9: 5032974 | D9: 4702281 | E9: 4642547 | F9: 4132440 | G9: 4147704 | H9: 4028129 | I9: 3711189 | J9: 3574849
A10: Retail customers; stable deposits | B10: 1959184 | C10: 1939194 | D10: 1894045 | E10: 1839260 | F10: 1766123 | G10: 1770189 | H10: 1703650 | I10: 1638935 | J10: 1589583.6
A11: Retail customers; less stable deposits | B11: 2282297 | C11: 2245774 | D11: 2003442 | E11: 1985334 | F11: 1635755 | G11: 1631927 | H11: 1574398 | I11: 1370751 | J11: 1308818.7
A12: Operational deposits | B12: 19180 | C12: 15247 | D12: 4702 | E12: 38135 | F12: 4218 | G12: 5537 | H12: 2757 | I12: 7864 | J12: 8724.0188
A13: Non-operational deposits | B13: 763441 | C13: 832759 | D13: 800092 | E13: 779818 | F13: 726344 | G13: 740051 | H13: 747324 | I13: 693639 | J13: 667722.72
A14: Other | B14: 1028150 | C14: 1028150 | D14: 1028149 | E14: 989075 | F14: 668150 | G14: 918149 | H14: 540393 | I14: 605980 | J14: 568150
A15: Available stable funding | B15: 6903267 | C15: 6929389 | D15: 6576350 | E15: 6412841 | F15: 5507961 | G15: 5750264 | H15: 5202776 | I15: 4926866 | J15: 4737435.2
A16: HQLA, level 1 | B16: 0 | C16: 0 | D16: 0 | E16: 0 | F16: 0 | G16: 0 | H16: 0 | I16: 0 | J16: 0
A17: Cash | B17: 0 | C17: 0 | D17: 0 | E17: 0 | F17: 0 | G17: 0 | H17: 0 | I17: 0 | J17: 0
A18: Government bonds | B18: 0 | C18: 0 | D18: 0 | E18: 0 | F18: 0 | G18: 0 | H18: 0 | I18: 0 | J18: 0
... A24: NSFR (%) | B24: 1.5023877 | C24: 1.5676237 | D24: 1.5302585 | E24: 1.5472236 | F24: 1.4162064 | G24: 1.5442535 | H24: 1.6561618 | I24: 1.6409895 | J24: 1.6065474
A25: *NSFR calculation components are presented as weighted amounts
A27: Net stable funding ratio (NSFR), 5 years
A29: EURt* | B29: 46022 | C29: 45657 | D29: 45291 | E29: 44926 | F29: 44561
A30: Own funds | B30: 868265 | C30: 684411 | D30: 557560.85 | E30: 473930.55 | F30: 366983.83
A31: Deposits | B31: 5032974 | C31: 4147704 | D31: 3532903.6 | E31: 2798964.4 | F31: 2784841.2
A32: Retail customers; stable deposits | B32: 1939194 | C32: 1770189 | D32: 1552929.3 | E32: 1382935.6 | F32: 1174787.5
A33: Retail customers; less stable deposits | B33: 2245774 | C33: 1631927 | D33: 1290657.9 | E33: 853642.99 | F33: 811552.43
A34: Operational deposits | B34: 15247 | C34: 5537 | D34: 5413.3178 | E34: 61278.425 | F34: 210069.85
A35: Non-operational deposits | B35: 832759 | C35: 740051 | D35: 683903.12 | E35: 501107.39 | F35: 588431.38
A36: Other | B36: 1028150 | C36: 918149 | D36: 568150 | E36: 523679.17 | F36: 550000
A37: Available stable funding | B37: 6929389 | C37: 5750264 | D37: 4658614.4 | E37: 3796574.1 | F37: 3701825
A38: HQLA, level 1 | B38: 0 | C38: 0 | D38: 0 | E38: 0 | F38: 0
A39: Cash | B39: 0 | C39: 0 | D39: 0 | E39: 0 | F39: 0
A40: Government bonds | B40: 0 | C40: 0 | D40: 0 | E40: 0 | F40: 0
... A46: NSFR (%) | B46: 1.5676237 | C46: 1.5442535 | D46: 1.6019829 | E46: 1.4399177 | F46: 1.6340425
A47: *NSFR calculation components are presented as weighted amounts

Sheet pPL 9Q
A1: AS LHV Pank
A2: =Cont!A2 -> 46112
A5: Income statement, 9 quarters | J5: back
A7: Income statement, EURt | B7: Q1-26 | C7: Q4-25 | D7: Q3-25 | E7: Q2-25 | F7: Q1-25 | G7: Q4-24 | H7: Q3-24 | I7: Q2-24 | J7: Q1-24
A8: Interest income | B8: 87702.233 | C8: 87438.156 | D8: 86657.429 | E8: 86466.324 | F8: 92461.964 | G8: 101512.55 | H8: 101706.28 | I8: 102812.41 | J8: 100940.65
A9: Interest expense | B9: -37080.985 | C9: -37336.684 | D9: -37718.983 | E9: -35344.644 | F9: -36372.145 | G9: -40107.528 | H9: -38243.394 | I9: -36743.577 | J9: -34762.152
A10: Net interest income | B10: 50621.247 | C10: 50101.472 | D10: 48938.446 | E10: 51121.68 | F10: 56089.818 | G10: 61405.025 | H10: 63462.888 | I10: 66068.83 | J10: 66178.5
A11: Fee and commission income | B11: 17182.788 | C11: 17679.894 | D11: 18126.248 | E11: 18202.519 | F11: 16292.944 | G11: 17104.657 | H11: 16695.442 | I11: 15934.514 | J11: 15385.666
A12: Fee and commission expense | B12: -5803.8456 | C12: -4743.2388 | D12: -6453.3718 | E12: -6360.4555 | F12: -5822.58 | G12: -3554.8246 | H12: -5877.0293 | I12: -5450.3905 | J12: -5150.1416
A13: Net fee and commission income | B13: 11378.943 | C13: 12936.655 | D13: 11672.876 | E13: 11842.063 | F13: 10470.364 | G13: 13549.832 | H13: 10818.413 | I13: 10484.124 | J13: 10235.524
A14: Interest related fee sharing | B14: -3529.8463 | C14: -3807.1318 | D14: -3951.1869 | E14: -4406.5907 | F14: -5442.937 | G14: -4653.7839 | H14: -3473.2388 | I14: -6008.4341 | J14: -5929.9798
A15: Fee income related fee sharing | B15: -2042.1794 | C15: -2290.8803 | D15: -2080.2921 | E15: -1828.9339 | F15: -2181.0266 | G15: -1950.1987 | H15: -2078.0213 | I15: -2251.7941 | J15: -2364.9279
A16: Net fee sharing | B16: -5572.0256 | C16: -6098.0121 | D16: -6031.479 | E16: -6235.5246 | F16: -7623.9636 | G16: -6603.9827 | H16: -5551.2601 | I16: -8260.2282 | J16: -8294.9078
A17: Net gains from financial assets | B17: -2412.8387 | C17: 60.569 | D17: 415.97564 | E17: -194.906 | F17: 1017.7084 | G17: -267.73912 | H17: 648.20183 | I17: -174.16419 | J17: 374.71051
A18: Other income | B18: 16.32972 | C18: 17.57335 | D18: 36.36791 | E18: 64.1387 | F18: 23.44073 | G18: 700.70529 | H18: 384.85053 | I18: 661.38017 | J18: 292.36955
A19: Total net income | B19: 54031.655 | C19: 57018.257 | D19: 55032.187 | E19: 56597.451 | F19: 59977.368 | G19: 68783.841 | H19: 69763.094 | I19: 68779.942 | J19: 68786.196
... A31: Profit attributable to owners of the parent | B31: 20103.635 | C31: 26924.634 | D31: 24111.952 | E31: 29320.077 | F31: 24875.249 | G31: 34250.383 | H31: 33944.641 | I31: 34682.918 | J31: 36726.052
A34: Income statement, 5 years
A36: Income statement, EURt | B36: 2025 | C36: 2024 | D36: 2023 | E36: 2022 | F36: 2021
A37: Interest income | B37: 353023.87 | C37: 406971.9 | D37: 305507.23 | E37: 152895.1 | F37: 124634.75
A38: Interest expense | B38: -146772.46 | C38: -149856.65 | D38: -77036.918 | E38: -23408.023 | F38: -26972.298
A39: Net interest income | B39: 206251.42 | C39: 257115.24 | D39: 228470.32 | E39: 129487.07 | F39: 97662.448
A40: Fee and commission income | B40: 70301.604 | C40: 65120.28 | D40: 47916.738 | E40: 52889.307 | F40: 48711.192
A41: Fee and commission expense | B41: -23379.646 | C41: -20032.386 | D41: -20699.542 | E41: -20481.462 | F41: -17539.386
A42: Net fee and commission income | B42: 46921.958 | C42: 45087.894 | D42: 27217.197 | E42: 32407.846 | F42: 31171.806
A43: Interest related fee sharing | B43: -17607.846 | C43: -20065.437 | D43: 0 | E43: 0 | F43: 0
A44: Fee income related fee sharing | B44: -8381.1329 | C44: -8644.9421 | D44: 0 | E44: 0 | F44: 0
A45: Net fee sharing | B45: -25988.979 | C45: -28710.379 | D45: 0 | E45: 0 | F45: 0
A46: Net gains from financial assets | B46: 1299.3471 | C46: 581.00903 | D46: 2652.9588 | E46: -422.61265 | F46: -1541.6268
A47: Other income | B47: 141.52069 | C47: 2039.3055 | D47: 1736.2658 | E47: 197.52344 | F47: 601.49387
... A60: Profit attributable to owners of the parent | B60: 105231.91 | C60: 139603.99 | D60: 140132.84 | E60: 78655.86 | F60: 61761.29

Sheet pBS 9Q
A1: AS LHV Pank
A2: =Cont!A2 -> 46112
A5: Balance sheet, 9 quarters | J5: back
A7: Balance sheet, EURt | B7: 46112 | C7: 46022 | D7: 45930 | E7: 45838 | F7: 45747 | G7: 45657 | H7: 45565 | I7: 45473 | J7: 45382
A8: Cash and due from banks | B8: 3162051.7 | C8: 3689712.7 | D8: 3401075 | E8: 3319127.7 | F8: 2880001.6 | G8: 3418757.3 | H8: 2904705.3 | I8: 2856280.5 | J8: 3051104.6
A9: Financial assets at fair value | B9: 52375.258 | C9: 1323.563 | D9: 1235.6378 | E9: 6265.6037 | F9: 10339.674 | G9: 7473.524 | H9: 6599.1349 | I9: 8137.5833 | J9: 6125.5253
A10: Financial assets at amortised cost | B10: 379917.14 | C10: 378063.69 | D10: 380013.31 | E10: 429426.92 | F10: 412849.65 | G10: 283532.8 | H10: 238097.87 | I10: 134630.77 | J10: 232224.84
A11: Financial assets | B11: 432292.4 | C11: 379387.26 | D11: 381248.95 | E11: 435692.53 | F11: 423189.33 | G11: 291006.33 | H11: 244697 | I11: 142768.36 | J11: 238350.37
A12: Loans granted | B12: 4746091.8 | C12: 4722579.2 | D12: 4617852.3 | E12: 4467568.4 | F12: 4283382.8 | G12: 4242867.8 | H12: 3945389.9 | I12: 3778631.1 | J12: 3580994.8
A13: Allowances for credit losses | B13: -39392.863 | C13: -39532.182 | D13: -43676.36 | E13: -38353.96 | F13: -44143.41 | G13: -39069.274 | H13: -41871.447 | I13: -34855.856 | J13: -31555.696
A14: Receivables from customers | B14: 25021.679 | C14: 8384.5743 | D14: 10608.616 | E14: 15500.551 | F14: 8917.6093 | G14: 2688.8797 | H14: 7854.0526 | I14: 12649.168 | J14: 20266.548
A15: Tangible and intangible assets | B15: 10150.898 | C15: 11415.412 | D15: 12773.179 | E15: 14123.989 | F15: 15282.325 | G15: 16898.114 | H15: 16293.656 | I15: 16717.294 | J15: 17660.982
A16: Other assets | B16: 4738.8072 | C16: 4160.4429 | D16: 4641.5959 | E16: 4436.5651 | F16: 4257.815 | G16: 3378.1894 | H16: 3421.5388 | I16: 2847.3699 | J16: 3978.5044
A17: Total assets | B17: 8340954.4 | C17: 8776107.5 | D17: 8384523.3 | E17: 8218095.8 | F17: 7570888.1 | G17: 7936527.3 | H17: 7080490 | I17: 6775037.9 | J17: 6880800
A18: Demand deposits | B18: 4894833.1 | C18: 5277158.5 | D18: 4899251.2 | E18: 4740421.7 | F18: 4248169 | G18: 4335006.3 | H18: 3710297.5 | I18: 3674089.2 | J18: 3731029.9
... A28: Total liabilities and equity | B28: 8340954.4 | C28: 8776107.5 | D28: 8384523.3 | E28: 8218095.8 | F28: 7570888.1 | G28: 7936527.3 | H28: 7080490 | I28: 6775037.9 | J28: 6880800
A31: Balance sheet, 5 years
A33: Balance sheet, EURt | B33: 46022 | C33: 45657 | D33: 45291 | E33: 44926 | F33: 44561
A34: Cash and due from banks | B34: 3689712.7 | C34: 3418757.3 | D34: 2837892.3 | E34: 2479239.9 | F34: 3986933.5
A35: Financial assets at fair value | B35: 1323.563 | C35: 7473.524 | D35: 6945.4737 | E35: 406.69274 | F35: 371.56601
A36: Financial assets at amortised cost | B36: 378063.69 | C36: 283532.8 | D36: 321887.6 | E36: 364229.8 | F36: 127348.86
A37: Financial assets | B37: 379387.26 | C37: 291006.33 | D37: 328833.07 | E37: 364636.49 | F37: 127720.42
A38: Loans granted | B38: 4722579.2 | C38: 4242867.8 | D38: 3578569.1 | E38: 3207566.3 | F38: 2696209.6
A39: Allowances for credit losses | B39: -39532.182 | C39: -39069.274 | D39: -30056.236 | E39: -20577.388 | F39: -19049.234
A40: Receivables from customers | B40: 8384.5743 | C40: 2688.8797 | D40: 17833.498 | E40: 9254.0474 | F40: 2968.328
A41: Tangible and intangible assets | B41: 11415.412 | C41: 16898.114 | D41: 18676.919 | E41: 13973.725 | F41: 9850.4839
A42: Other assets | B42: 4160.4429 | C42: 3378.1894 | D42: 2895.6981 | E42: 2857.0131 | F42: 4213.6978
A43: Total assets | B43: 8776107.5 | C43: 7936527.3 | D43: 6754644.4 | E43: 6056950 | F43: 6808846.8
A44: Demand deposits | B44: 5277158.5 | C44: 4335006.3 | D44: 3694894 | E44: 4699256.3 | F44: 5688574.7
... A54: Total liabilities and equity | B54: 8776107.5 | C54: 7936527.3 | D54: 6754644.4 | E54: 6056950 | F54: 6808846.8

Sheet pSA
A1: AS LHV Pank
A2: =Cont!A2 -> 46112
A5: Financial, Operational and Regulatory Ratios, 9 quarters | J5: back
A7: Financial and operational ratios | B7: Q1-26 | C7: Q4-25 | D7: Q3-25 | E7: Q2-25 | F7: Q1-25 | G7: Q4-24 | H7: Q3-24 | I7: Q2-24 | J7: Q1-24
A8: Return on Equity (ROE) | B8: 0.13355328 | C8: 0.18169562 | D8: 0.18043566 | E8: 0.2315051 | F8: 0.18369922 | G8: 0.23861777 | H8: 0.25201456 | I8: 0.27565702 | J8: 0.29113727
A9: pre-tax ROE | B9: 0.17256092 | C9: 0.22057904 | D9: 0.22015606 | E9: 0.28257248 | F9: 0.22703678 | G9: 0.28298935 | H9: 0.29395515 | I9: 0.32151253 | J9: 0.34113837
A10: Return on Assets (ROA) | B10: 0.0094312006 | C10: 0.012915364 | D10: 0.011801048 | E10: 0.015027515 | F10: 0.013018136 | G10: 0.018534489 | H10: 0.019687701 | I10: 0.020407705 | J10: 0.021587461
A11: Net Interest Margin (NIM) | B11: 0.023685492 | C11: 0.02335731 | D11: 0.023593753 | E11: 0.025918737 | F11: 0.028937135 | G11: 0.030237064 | H11: 0.034672877 | I11: 0.035287968 | J11: 0.035483236
A12: Spread | B12: 0.022115714 | C12: 0.021825442 | D12: 0.022044717 | E12: 0.024330565 | F12: 0.027150872 | G12: 0.028042949 | H12: 0.032314751 | I12: 0.033088382 | J12: 0.033421793
A13: Cost/Income ratio (C/I) | B13: 0.50722182 | C13: 0.45249416 | D13: 0.43100798 | E13: 0.43218359 | F13: 0.39438234 | G13: 0.38545502 | H13: 0.32728118 | I13: 0.33767169 | J13: 0.33151399
A14: Equity Multiplier (EM) | B14: 14.214094 | C14: 14.475644 | D14: 15.530185 | E14: 15.583308 | F14: 14.314933 | G14: 13.07769 | H14: 12.858417 | I14: 13.566937 | J14: 13.511478
A15: Loans/Deposits ratio (L/D) | B15: 0.71987981 | C15: 0.67251014 | D15: 0.68889818 | E15: 0.67513496 | F15: 0.70841708 | G15: 0.66795609 | H15: 0.68289748 | I15: 0.68575092 | J15: 0.6259105
A16: L/D (w-o banking services deposits) ratio | B16: 0.88740292 | C16: 0.85403549 | D16: 0.84492176 | E16: 0.8301996 | F16: 0.87018626 | G16: 0.85124961 | H16: 0.81138138 | I16: 0.81274799 | J16: 0.76463958
A17: Cost of Risk (CoR) | B17: 0.00021091861 | C17: -0.002010709 | D17: 0.001256479 | E17: -0.0037427776 | F17: 0.0046348422 | G17: 0.00099929649 | H17: 0.0073746275 | I17: 0.0053036945 | J17: 0.0031498704
A18: Number of Bank Customers (thous.) | B18: 500.405 | C18: 491.547 | D18: 482.763 | E18: 473.542 | F18: 465.247 | G18: 455.534 | H18: 444.592 | I18: 433.37 | J18: 427.999
A19: Number of Settling Customers (thous.) | B19: 232.542 | C19: 229.446 | D19: 223.458 | E19: 221.503 | F19: 216.54 | G19: 213.678 | H19: 204.459 | I19: 199.354 | J19: 194.821
... A25: Number of outcoming payments (thous.) | B25: 31673.266 | C25: 31490.271 | D25: 29161.798 | E25: 28019.533 | F25: 26691.552 | G25: 26432.817 | H25: 24753.133 | I25: 23840.551 | J25: 22490.283
A27: Regulatory ratios and minimums | B27: Q1-26 | C27: Q4-25 | D27: Q3-25 | E27: Q2-25 | F27: Q1-25 | G27: Q4-24 | H27: Q3-24 | I27: Q2-24 | J27: Q1-24
A28: Capital adequacy CT1 | B28: 0.16237104 | C28: 0.16390838 | D28: 0.14382314 | E28: 0.15267322 | F28: 0.15323169 | G28: 0.14977264 | H28: 0.1673552 | I28: 0.1684321 | J28: 0.16905211
A29: CT1 (regulatory minimum) | B29: 0.1219 | C29: 0.1219 | D29: 0.1219 | E29: 0.1219 | F29: 0.1219 | G29: 0.1241 | H29: 0.1241 | I29: 0.1241 | J29: 0.1241
A30: Capital adequacy T1 | B30: 0.18327509 | C30: 0.18501941 | D30: 0.16500761 | E30: 0.17527153 | F30: 0.17117226 | G30: 0.1674147 | H30: 0.18645145 | I30: 0.18799563 | J30: 0.18915361
A31: T1 (regulatory minimum) | B31: 0.1425 | C31: 0.1425 | D31: 0.1425 | E31: 0.1425 | F31: 0.1425 | G31: 0.1455 | H31: 0.1455 | I31: 0.1455 | J31: 0.1455
A32: Capital adequacy CAD | B32: 0.22941558 | C32: 0.23161242 | D32: 0.2117639 | E32: 0.20203376 | F32: 0.19849057 | G32: 0.19427611 | H32: 0.20832054 | I32: 0.2099317 | J32: 0.21188595
A33: CAD (regulatory minimum) | B33: 0.17 | C33: 0.17 | D33: 0.17 | E33: 0.17 | F33: 0.17 | G33: 0.174 | H33: 0.174 | I33: 0.174 | J33: 0.174
A34: Liquidity coverage ratio LCR (Pank solo) | B34: 1.66 | C34: 1.628 | D34: 1.609 | E34: 1.729 | F34: 1.679 | G34: 1.784 | H34: 1.936 | I34: 1.915 | J34: 1.915
A35: LCR (regulatory minimum) | B35: 1 | C35: 1 | D35: 1 | E35: 1 | F35: 1 | G35: 1 | H35: 1 | I35: 1 | J35: 1
A36: Net stable funding ratio NSFR (Pank solo) | B36: 1.45 | C36: 1.495 | D36: 1.472 | E36: 1.457 | F36: 1.371 | G36: 1.502 | H36: 1.567 | I36: 1.547 | J36: 1.594
A37: NSFR (regulatory minimum) | B37: 1 | C37: 1 | D37: 1 | E37: 1 | F37: 1 | G37: 1 | H37: 1 | I37: 1 | J37: 1
A40: Financial, Operational and Regulatory Ratios, 5 years
A42: Financial and operational ratios | B42: 2025 | C42: 2024 | D42: 2023 | E42: 2022 | F42: 2021
A43: Return on Equity (ROE) | B43: 0.17107279 | C43: 0.25022891 | D43: 0.30938417 | E43: 0.23987475 | F43: 0.25589895
A44: pre-tax ROE | B44: 0.20912333 | C44: 0.29341732 | D44: 0.35825896 | E44: 0.27929042 | F44: 0.29792112
A45: Return on Assets (ROA) | B45: 0.012815318 | C45: 0.019129774 | D45: 0.022067926 | E45: 0.012550151 | F45: 0.010904409
A46: Net Interest Margin (NIM) | B46: 0.024686993 | C46: 0.03233006 | D46: 0.035715576 | E46: 0.020122022 | F46: 0.016634834
A47: Spread | B47: 0.02304825 | C47: 0.030303016 | D47: 0.034625932 | E47: 0.019893582 | F47: 0.016404867
A48: Cost/Income ratio (C/I) | B48: 0.42704924 | C48: 0.34541591 | D48: 0.32773197 | E48: 0.39923149 | F48: 0.38578057
A49: Equity Multiplier (EM) | B49: 13.584649 | C49: 13.166371 | D49: 14.142668 | E49: 19.651854 | F49: 24.337457
A50: Loans/Deposits ratio (L/D) | B50: 0.67251014 | C50: 0.66795609 | D50: 0.64113684 | E50: 0.64738339 | F50: 0.45790023
A51: L/D (w-o banking services deposits) ratio | B51: 0.85403549 | C51: 0.85124961 | D51: 0.7810208 | E51: 0.867026 | F51: 0.74390165
A52: Cost of Risk (CoR) | B52: -1.7111615e-05 | C52: 0.0040510928 | D52: 0.0033634745 | E52: 0.0010131605 | F52: 0.0016075041
A53: Number of Bank Customers (thous.) | B53: 491.547 | C53: 455.534 | D53: 417.46 | E53: 377.949 | F53: 321.424
... A72: NSFR (regulatory minimum) | B72: 1 | C72: 1 | D72: 1 | E72: 1 | F72: 1

Sheet ukPL 9Q
A1: LHV Bank Ltd
A2: =Cont!A2 -> 46112
A5: Income statement, 9 quarters | J5: back
A7: Income statement, EURt | B7: Q1-26 | C7: Q4-25 | D7: Q3-25 | E7: Q2-25 | F7: Q1-25 | G7: Q4-24 | H7: Q3-24 | I7: Q2-24 | J7: Q1-24
A8: Interest income | B8: 25402.759 | C8: 21715.293 | D8: 19708.579 | E8: 17152.689 | F8: 12895.405 | G8: 15916.208 | H8: 13522.868 | I8: 13852.448 | J8: 11821.731
A9: Interest expense | B9: -16224.322 | C9: -12109.086 | D9: -13298.361 | E9: -11027.206 | F9: -7632.7746 | G9: -6837.5836 | H9: -6311.5107 | I9: -4223.928 | J9: -3024.994
A10: Net interest income | B10: 9178.4371 | C10: 9606.2066 | D10: 6410.2185 | E10: 6125.4828 | F10: 5262.6302 | G10: 4432.2551 | H10: 3712.6561 | I10: 3638.8352 | J10: 2878.303
A11: Fee and commission income | B11: 703.14482 | C11: 645.06661 | D11: 840.80897 | E11: 971.86189 | F11: 759.70442 | G11: 2770.2233 | H11: 2868.6165 | I11: 2932.702 | J11: 3043.9168
A12: Fee and commission expense | B12: -103.81678 | C12: -836.97252 | D12: -621.54384 | E12: -588.17928 | F12: -546.61517 | G12: -626.45842 | H12: -638.82034 | I12: -490.67534 | J12: -481.79286
A13: Net fee and commission income | B13: 599.32804 | C13: -191.90591 | D13: 219.26513 | E13: 383.68262 | F13: 213.08925 | G13: 197.52948 | H13: 144.05461 | I13: 197.43942 | J13: 201.70593
A14: Interest related fee sharing | B14: 3529.8516 | C14: 3807.8028 | D14: 3942.3621 | E14: 4407.1491 | F14: 5466.1892 | G14: 4646.3691 | H14: 3498.7015 | I14: 5989.6847 | J14: 5918.434
A15: Fee income related fee sharing | B15: 2041.342 | C15: 2291.2718 | D15: 2076.9801 | E15: 1829.7704 | F15: 2187.6033 | G15: 1946.2354 | H15: 2085.7416 | I15: 2244.5872 | J15: 2360.418
A16: Net fee sharing | B16: 5571.1936 | C16: 6099.0746 | D16: 6019.3422 | E16: 6236.9196 | F16: 7653.7926 | G16: 6592.6046 | H16: 5584.4431 | I16: 8234.2719 | J16: 8278.852
A17: Net gains from financial assets | B17: -382.63356 | C17: -301.14346 | D17: 404.02809 | E17: -328.92355 | F17: 1458.2153 | G17: 1.8732325 | H17: -65.642762 | I17: -33.629948 | J17: -33.152084
A18: Other operating income | B18: 52.587333 | C18: 228.44013 | D18: -0.085802391 | E18: 0 | F18: 0 | G18: 506.78327 | H18: -1.6647624 | I18: 0 | J18: 157.0439
A19: Total net income | B19: 15018.912 | C19: 15440.672 | D19: 13052.768 | E19: 12417.161 | F19: 14587.727 | G19: 11731.046 | H19: 9373.8463 | I19: 12036.917 | J19: 11482.753
... A29: Net profit | B29: 1251.815 | C29: 2267.352 | D29: 1022.5775 | E29: 126.22535 | F29: 2124.7909 | G29: 640.23425 | H29: -601.5303 | I29: 937.89811 | J29: 4867.9949
A32: Income statement, 5 years
A34: Income statement, EURt | B34: 2025 | C34: 2024 | D34: 2023 | E34: 2022 | F34: 2021
A35: Interest income | B35: 71471.966 | C35: 55113.255 | D35: 33667.563 | E35: 224.06498 | F35: 0.00031853774
A36: Interest expense | B36: -44067.428 | C36: -20398.016 | D36: -4750.4683 | E36: -163.9159 | F36: 0
A37: Net interest income | B37: 27404.538 | C37: 14662.049 | D37: 28917.095 | E37: 60.149085 | F37: 0.00031853774
A38: Fee and commission income | B38: 3217.4419 | C38: 11615.459 | D38: 8029.5926 | E38: 0 | F38: 0
A39: Fee and commission expense | B39: -2593.3108 | C39: -2237.747 | D39: -222.4168 | E39: 0 | F39: 0
A40: Net fee and commission income | B40: 624.13108 | C40: 740.72944 | D40: 7807.1758 | E40: 0 | F40: 0
A41: Interest related fee sharing | B41: 17623.503 | C41: 20053.189 | D41: #VALUE! | E41: #VALUE! | F41: #VALUE!
A42: Fee income related fee sharing | B42: 8385.6256 | C42: 8636.9822 | D42: #VALUE! | E42: #VALUE! | F42: #VALUE!
A43: Net fee sharing | B43: 26009.129 | C43: 28690.172 | D43: 0 | E43: 0 | F43: 0
A44: Net gains from financial assets | B44: 1232.1763 | C44: -130.55156 | D44: -75.254455 | E44: 6.6408928 | F44: 3.5022105
A45: Other operating income | B45: 228.35432 | C45: 662.16241 | D45: 105.5373 | E45: 0.0013513009 | F45: 0
A46: Total net income | B46: 55498.329 | C46: 44624.561 | D46: 36754.554 | E46: 66.791329 | F46: 3.502529
A47: Staff costs | B47: -26410.148 | C47: -22381.01 | D47: -14213.319 | E47: -4399.9851 | F47: -741.20975
A48: Office rent and expenses | B48: -1323.8588 | C48: -1060.7557 | D48: -1755.8019 | E48: -108.5405 | F48: -364.51344
A49: IT expenses | B49: -4013.5915 | C49: -4661.761 | D49: -6419.2568 | E49: -2411.4873 | F49: -27.473672
A50: Marketing expenses | B50: -1309.2109 | C50: -483.62876 | D50: -233.1198 | E50: -3.3628325 | F50: 0
A51: Other operating expenses | B51: -12979.903 | C51: -10508.241 | D51: -8678.3598 | E51: -4813.6679 | F51: -1862.035
A52: Total operating expenses | B52: -46036.712 | C52: -39095.397 | D52: -31299.858 | E52: -11737.044 | F52: -2995.2319
A53: Earnings before impairment losses | B53: 9461.6165 | C53: 5529.1647 | D53: 5454.6961 | E53: -11670.252 | F53: -2991.7293
A54: Impairment losses | B54: -1594.5696 | C54: -478.97776 | D54: -176.05369 | E54: 0.14387706 | F54: 0
... A56: Net profit | B56: 5540.9457 | C56: 5844.597 | D56: 5278.6424 | E56: -11670.108 | F56: -2991.7293

Sheet ukBS 9Q
A1: LHV Bank Ltd
A2: =Cont!A2 -> 46112
A5: Balance sheet, 9 quarters | J5: back
A7: Balance sheet, EURt | B7: 46112 | C7: 46022 | D7: 45930 | E7: 45838 | F7: 45747 | G7: 45657 | H7: 45565 | I7: 45473 | J7: 45382
A8: Cash and cash equivalents | B8: 733754.81 | C8: 639880.24 | D8: 469558.79 | E8: 574133.82 | F8: 428345.45 | G8: 438051.97 | H8: 494381.6 | I8: 381091.74 | J8: 365090.27
A9: Financial assets at fair value | B9: 0 | C9: 0 | D9: 0 | E9: 0 | F9: 0 | G9: 0 | H9: 0 | I9: 0 | J9: 0
A10: Available-for-sale financial assets | B10: 2537.1173 | C10: 34.727252 | D10: 172.01992 | E10: 29.903974 | F10: 0 | G10: 0 | H10: 0 | I10: 0 | J10: 0
A11: Held-to-maturity financial investments | B11: 0 | C11: 0 | D11: 0 | E11: 0 | F11: 0 | G11: 0 | H11: 0 | I11: 0 | J11: 0
A12: Financial assets | B12: 2537.1173 | C12: 34.727252 | D12: 172.01992 | E12: 29.903974 | F12: 0 | G12: 0 | H12: 0 | I12: 0 | J12: 0
A13: Loans granted | B13: 878861.05 | C13: 784437.49 | D13: 661703.44 | E13: 570836 | F13: 491624.22 | G13: 349072.26 | H13: 223414.47 | I13: 147273.71 | J13: 95461.649
A14: Allowances for credit losses | B14: -3213.0145 | C14: -2169.439 | D14: -1600.4129 | E14: -1380.1969 | F14: -1484.914 | G14: -744.04103 | H14: -671.91049 | I14: -476.70442 | J14: -286.98737
A15: Receivables from customers | B15: 6586.208 | C15: 3691.6145 | D15: 4214.473 | E15: 4326.5893 | F15: 4460.7887 | G15: 4603.4115 | H15: 3686.5966 | I15: 4153.0608 | J15: 4113.1864
A16: Tangible and intangible assets | B16: 3386.9005 | C16: 3836.7318 | D16: 3869.5082 | E16: 4372.4483 | F16: 4913.4765 | G16: 5398.3148 | H16: 4515.9756 | I16: 5455.7665 | J16: 7853.4199
A17: Other assets | B17: 1826.5446 | C17: 1997.2921 | D17: 1933.5946 | E17: 1983.2278 | F17: 1866.1862 | G17: 2518.4813 | H17: 2103.5823 | I17: 1984.6982 | J17: 2791.4227
A18: Total assets | B18: 1623739.6 | C18: 1431708.7 | D18: 1139851.4 | E18: 1154301.8 | F18: 929725.21 | G18: 798900.4 | H18: 727430.31 | I18: 539482.27 | J18: 475022.96
... A28: Total liabilities and equity | B28: 1623739.6 | C28: 1431708.7 | D28: 1139851.4 | E28: 1154301.8 | F28: 929725.21 | G28: 798900.4 | H28: 727430.31 | I28: 539482.27 | J28: 475022.96
A31: Balance sheet, 5 years
A33: Balance sheet, EURt | B33: 46022 | C33: 45657 | D33: 45291 | E33: 44926 | F33: 44561
A34: Cash and cash equivalents | B34: 639880.24 | C34: 438051.97 | D34: 278572.83 | E34: 13136.804 | F34: 8638.498
A35: Financial assets at fair value | B35: 0 | C35: 0 | D35: 0 | E35: 0 | F35: 0
A36: Available-for-sale financial assets | B36: 34.727252 | C36: 0 | D36: 0 | E36: 0 | F36: 0
A37: Held-to-maturity financial investments | B37: 0 | C37: 0 | D37: 0 | E37: 0 | F37: 0
A38: Financial assets | B38: 34.727252 | C38: 0 | D38: 0 | E38: 0 | F38: 0
A39: Loans granted | B39: 784437.49 | C39: 349072.26 | D39: 79681.31 | E39: 22139.57 | F39: 0
A40: Allowances for credit losses | B40: -2169.439 | C40: -744.04103 | D40: -239.11348 | E40: -65.011895 | F40: 0
A41: Receivables from customers | B41: 3691.6145 | C41: 4603.4115 | D41: 1993.8807 | E41: 3.7320082 | F41: 44.679381
A42: Tangible and intangible assets | B42: 3836.7318 | C42: 5398.3148 | D42: 8351.4354 | E42: 5871.3578 | F42: 315.20031
A43: Other assets | B43: 1997.2921 | C43: 2518.4813 | D43: 955.76922 | E43: 350.73916 | F43: 9.9966678
A44: Total assets | B44: 1431708.7 | C44: 798900.4 | D44: 369316.11 | E44: 41437.191 | F44: 9008.3744
... A54: Total liabilities and equity | B54: 1431708.7 | C54: 798900.4 | D54: 369316.11 | E54: 41437.191 | F54: 9008.3744

Sheet ukSA
A1: LHV Bank Ltd
A2: =Cont!A2 -> 46112
A5: Financial and Operational Ratios, 9 quarters | J5: back
A7: Financial and operational ratios | B7: Q1-26 | C7: Q4-25 | D7: Q3-25 | E7: Q2-25 | F7: Q1-25 | G7: Q4-24 | H7: Q3-24 | I7: Q2-24 | J7: Q1-24
A8: Return on Equity (ROE) | B8: 0.037089418 | C8: 0.074841643 | D8: 0.035675799 | E8: 0.0048291236 | F8: 0.091527105 | G8: 0.030045821 | H8: -0.028607734 | I8: 0.044761748 | J8: 0.28354669
A9: Net Interest Margin (NIM) | B9: 0.024236206 | C9: 0.030165231 | D9: 0.022596577 | E9: 0.02380044 | F9: 0.024725688 | G9: 0.048368113 | H9: 0.046383172 | I9: 0.078007193 | J9: 0.086049547
A10: Cost/Income ratio (C/I) | B10: 0.82600273 | C10: 0.73032882 | D10: 0.87630961 | E10: 0.99157711 | F10: 0.75468269 | G10: 0.92856419 | H10: 1.0659212 | I10: 0.81588463 | J10: 0.73064807
A11: Loans/Deposits ratio (L/D) | B11: 0.61418597 | C11: 0.60812833 | D11: 0.65912836 | E11: 0.55721738 | F11: 0.59788834 | G11: 0.49412637 | H11: 0.35059898 | I11: 0.32900725 | J11: 0.25197521
A12: L/D (w-o banking services deposits) ratio | B12: 0.6554329 | C12: 0.65569908 | D12: 0.74805169 | E12: 0.62789362 | F12: 0.6903674 | G12: 0.6258298 | H12: 0.42325597 | I12: 0.40232076 | J12: 0.39048373
A13: Spread | B13: 0.017711731 | C13: 0.025390135 | D13: 0.016791539 | E13: 0.018419889 | F13: 0.019926102 | G13: 0.043327464 | H13: 0.039575535 | I13: 0.070772734 | J13: 0.080009453
A14: Number of incoming payments (thous.) | B14: 210.349 | C14: 249.79606 | D14: 259.29077 | E14: 237.396 | F14: 206.193 | G14: 206.691 | H14: 207.677 | I14: 211.569 | J14: 224.01
A15: Number of outgoing payments (thous.) | B15: 451.913 | C15: 516.07557 | D15: 471.60358 | E15: 395.668 | F15: 377.507 | G15: 349.378 | H15: 388.311 | I15: 462.899 | J15: 477.758
A16: Number of Employees (full-time) | B16: 222.4 | C16: 223.4 | D16: 218.5 | E16: 217.5 | F16: 210.8 | G16: 213.1 | H16: 201.8 | I16: 182.1 | J16: 168.1
A18: Regulatory ratios and minimums | B18: =B7 -> Q1-26 | C18: =C7 -> Q4-25 | D18: =D7 -> Q3-25 | E18: =E7 -> Q2-25 | F18: =F7 -> Q1-25 | G18: =G7 -> Q4-24 | H18: =H7 -> Q3-24 | I18: =I7 -> Q2-24 | J18: =J7 -> Q1-24
A19: Capital adequacy CT1 | B19: 0.20400239 | C19: 0.17951441 | D19: 0.20672902 | E19: 0.22283791 | F19: 0.22702278 | G19: 0.2249818 | H19: 0.30824436 | I19: 0.37585965 | J19: 0.40406439
A20: CT1 (regulatory minimum) | B20: 0.1361 | C20: 0.05878125 | D20: 0.05878125 | E20: 0.05878125 | F20: 0.05878125 | G20: 0.0548 | H20: 0.0548 | I20: 0.0548 | J20: 0.0548
A21: Capital adequacy T1 | B21: 0.20400239 | C21: 0.17951441 | D21: 0.20672902 | E21: 0.22283791 | F21: 0.22702278 | G21: 0.2249818 | H21: 0.30824436 | I21: 0.37585965 | J21: 0.40406439
A22: T1 (regulatory minimum) | B22: 0.1577 | C22: 0.078375 | D22: 0.078375 | E22: 0.078375 | F22: 0.078375 | G22: 0.0731 | H22: 0.0731 | I22: 0.0731 | J22: 0.0731
A23: Capital adequacy CAD | B23: 0.22131028 | C23: 0.19769809 | D23: 0.22760114 | E23: 0.2477942 | F23: 0.22702278 | G23: 0.2249818 | H23: 0.30824436 | I23: 0.37585965 | J23: 0.40406439
A24: CAD (regulatory minimum) | B24: 0.1865 | C24: 0.1045 | D24: 0.1045 | E24: 0.1045 | F24: 0.1045 | G24: 0.0974 | H24: 0.0974 | I24: 0.0974 | J24: 0.0974
A25: Liquidity coverage ratio LCR | B25: 2.1 | C25: 2.22 | D25: 1.5567577 | E25: 1.99 | F25: 1.8026991 | G25: 1.607354 | H25: 1.933926 | I25: 2.0275684 | J25: 1.66
A26: LCR (regulatory minimum) | B26: 1 | C26: 1 | D26: 1 | E26: 1 | F26: 1 | G26: 1 | H26: 1 | I26: 1 | J26: 1
A27: Net stable funding ratio NSFR | B27: 1.6 | C27: 1.76 | D27: 1.5235774 | E27: 1.79 | F27: 1.6463047 | G27: 1.764532 | H27: 2.6317304 | I27: 2.8426187 | J27: 2.95
A28: NSFR (regulatory minimum) | B28: 1 | C28: 1 | D28: 1 | E28: 1 | F28: 1 | G28: 1 | H28: 1 | I28: 1 | J28: 1
A31: Financial and Operational Ratios, 5 years
A33: Financial and operational ratios | B33: 2025 | C33: 2024 | D33: 2023 | E33: 2022 | F33: 2021
A34: Return on Equity (ROE) | B34: 0.053146115 | C34: 0.083770461 | D34: 0.11836998 | E34: -0.5238974 | F34: 0
A35: Net Interest Margin (NIM) | B35: 0.024856562 | C35: 0.060733646 | D35: 0.14712107 | E35: 0.0027430212 | F35: 3.6874204e-08
A36: Cost/Income ratio (C/I) | B36: 0.82951529 | C36: 0.87609593 | D36: 0.85159128 | E36: 175.72706 | F36: 0
A37: Loans/Deposits ratio (L/D) | B37: 0.60812833 | C37: 0.49412637 | D37: 0.3324283 | E37: 0 | F37: 0
A38: L/D (w-o banking services deposits) ratio | B38: 0.65569908 | C38: 0.6258298 | D38: 0.70928081 | E38: 0 | F38: 0
A39: Spread | B39: 0.019854796 | C39: 0.055559351 | D39: 0.14006719 | E39: 0 | F39: 0
A40: Number of incoming payments (thous.) | B40: 952.67583 | C40: 849.947 | D40: 420.289 | E40: 0 | F40: 0
A41: Number of outgoing payments (thous.) | B41: 1760.8542 | C41: 1678.346 | D41: 701.91 | E41: 0 | F41: 0
A42: Number of Employees (full-time) | B42: 223.4 | C42: 213.1 | D42: 149.8 | E42: 60 | F42: 7
A44: Regulatory ratios and minimums | B44: 2025 | C44: 2024 | D44: 2023 | E44: 2022 | F44: 2021
A45: Capital adequacy CT1 | B45: 0.17951441 | C45: 0.2249818 | D45: 0.28290604
A46: CT1 (regulatory minimum) | B46: 0.05878125 | C46: 0.0548 | D46: 0.0548
A47: Capital adequacy T1 | B47: 0.17951441 | C47: 0.2249818 | D47: 0.28290604
A48: T1 (regulatory minimum) | B48: 0.078375 | C48: 0.0731 | D48: 0.0731
A49: Capital adequacy CAD | B49: 0.19769809 | C49: 0.2249818 | D49: 0.28290604
A50: CAD (regulatory minimum) | B50: 0.1045 | C50: 0.0974 | D50: 0.0974
A51: Liquidity coverage ratio LCR | B51: 2.22 | C51: 1.607354 | D51: 1.4
A52: LCR (regulatory minimum) | B52: 1 | C52: 1 | D52: 1
A53: Net stable funding ratio NSFR | B53: 1.76 | C53: 1.764532 | D53: 2.73
A54: NSFR (regulatory minimum) | B54: 1 | C54: 1 | D54: 1

Sheet vhPL 9Q
A1: AS LHV Varahaldus
A2: =Cont!A2 -> 46112
A5: Income statement, 9 quarters | J5: back
A7: Income statement, EURt | B7: Q1-26 | C7: Q4-25 | D7: Q3-25 | E7: Q2-25 | F7: Q1-25 | G7: Q4-24 | H7: Q3-24 | I7: Q2-24 | J7: Q1-24
A8: Fee and commission income | B8: 2380.7841 | C8: 4501.6001 | D8: 2307.63 | E8: 2214.0867 | F8: 2203.1795 | G8: 2262.3564 | H8: 2251.2281 | I8: 2235.4505 | J8: 2186.5817
A9: Other operating income | B9: 1.5 | C9: 0.10224 | D9: 0 | E9: 0 | F9: 0 | G9: 0 | H9: 0 | I9: 0 | J9: 0
A10: Total net income | B10: 2382.2841 | C10: 4501.7024 | D10: 2307.63 | E10: 2214.0867 | F10: 2203.1795 | G10: 2262.3564 | H10: 2251.2281 | I10: 2235.4505 | J10: 2186.5817
A11: Staff costs | B11: -722.04973 | C11: -583.61751 | D11: -687.65785 | E11: -674.37381 | F11: -698.48082 | G11: -671.39482 | H11: -888.76254 | I11: -792.92352 | J11: -815.70916
A12: Marketing expenses | B12: -361.79398 | C12: -476.80013 | D12: -401.25377 | E12: -263.39307 | F12: -228.37643 | G12: -115.37451 | H12: -114.51322 | I12: -71.70881 | J12: -105.21871
A13: Other operating expenses | B13: -606.72709 | C13: -653.43088 | D13: -447.24631 | E13: -541.04278 | F13: -464.74913 | G13: -678.3823 | H13: -449.31848 | I13: -505.96138 | J13: -534.08374
A14: Depreciation, amortization and provisions | B14: -334.25163 | C14: -292.13045 | D14: -301.6388 | E14: -311.62327 | F14: -342.78913 | G14: -333.60413 | H14: -328.25677 | I14: -303.26557 | J14: -370.16879
A15: Total operating expenses | B15: -2024.8224 | C15: -2005.979 | D15: -1837.7967 | E15: -1790.4329 | F15: -1734.3955 | G15: -1798.7558 | H15: -1780.851 | I15: -1673.8593 | J15: -1825.1804
A16: EBIT | B16: 357.46169 | C16: 2495.7234 | D16: 469.83329 | E16: 423.65381 | F16: 468.78403 | G16: 463.60065 | H16: 470.37704 | I16: 561.59122 | J16: 361.40135
A17: Interest expense | B17: 0 | C17: 0 | D17: 0 | E17: 0 | F17: 0 | G17: 0 | H17: 0 | I17: 0 | J17: 0
A18: Other financial income and expense | B18: 169.62737 | C18: 188.90548 | D18: 335.71239 | E18: 107.8715 | F18: 198.62158 | G18: 45.05593 | H18: 112.95027 | I18: 182.6202 | J18: 218.74555
A19: Total financial income and expense | B19: 169.62737 | C19: 188.90548 | D19: 335.71239 | E19: 107.8715 | F19: 198.62158 | G19: 45.05593 | H19: 112.95027 | I19: 182.6202 | J19: 218.74555
... A21: Net profit | B21: -601.11607 | C21: 2684.6289 | D21: 805.54568 | E21: 531.52531 | F21: 103.30305 | G21: 508.65658 | H21: 583.32731 | I21: 744.21142 | J21: -220.43449
A24: Income statement, 5 years
A26: Income statement, EURt | B26: 2025 | C26: 2024 | D26: 2023 | E26: 2022 | F26: 2021
A27: Fee and commission income | B27: 11226.496 | C27: 8935.6167 | D27: 8844.9198 | E27: 7950.6986 | F27: 11374.515
A28: Other operating income | B28: 0.10224 | C28: 0 | D28: 0 | E28: 0 | F28: 0
A29: Total net income | B29: 11226.599 | C29: 8935.6167 | D29: 8844.9198 | E29: 7950.6986 | F29: 11374.515
A30: Staff costs | B30: -2644.13 | C30: -3168.79 | D30: -3113.9894 | E30: -2718.2883 | F30: -2120.1387
A31: Marketing expenses | B31: -1369.8234 | C31: -406.81525 | D31: -517.65605 | E31: -470.70331 | F31: -443.50109
A32: Other operating expenses | B32: -2106.4691 | C32: -2167.7459 | D32: -1860.2532 | E32: -2037.0046 | F32: -2203.5285
A33: Depreciation and amortization | B33: -1248.1817 | C33: -1335.2953 | D33: -1504.9373 | E33: -1851.0265 | F33: -5248.2117
A34: Total operating expenses | B34: -7368.6041 | C34: -7078.6465 | D34: -6996.8358 | E34: -7077.0227 | F34: -10015.38
A35: EBIT | B35: 3857.9945 | C35: 1856.9703 | D35: 1848.084 | E35: 873.67594 | F35: 1359.1346
A36: Interest expense | B36: 0 | C36: 0 | D36: 0 | E36: 0 | F36: -13.8667
A37: Other financial income and expense | B37: 831.11095 | C37: 559.37195 | D37: 291.87142 | E37: -146.13378 | F37: 591.11552
... A40: Net profit | B40: 4125.0029 | C40: 1615.7608 | D40: 1651.5833 | E40: -102.6904 | F40: 695.10434

Sheet vhBS 9Q
A1: AS LHV Varahaldus
A2: =Cont!A2 -> 46112
A5: Balance sheet, 9 quarters | J5: back
A7: Balance sheet, EURt | B7: 46112 | C7: 46022 | D7: 45930 | E7: 45838 | F7: 45747 | G7: 45657 | H7: 45565 | I7: 45473 | J7: 45382
A8: Cash and cash equivalents | B8: 2964.3079 | C8: 3851.448 | D8: 3455.4244 | E8: 2582.7472 | F8: 1695.4348 | G8: 2981.7109 | H8: 2391.1842 | I8: 1694.6828 | J8: 1634.5238
A9: Financial assets at fair value | B9: 0 | C9: 0 | D9: 0 | E9: 0 | F9: 0 | G9: 0 | H9: 0 | I9: 0 | J9: 0
A10: Receivables and accrued revenue | B10: 876.12019 | C10: 2979.6216 | D10: 806.05841 | E10: 785.25103 | F10: 812.55009 | G10: 811.89721 | H10: 766.64556 | I10: 775.63629 | J10: 797.49019
A11: Other prepaid expenses | B11: 239.16247 | C11: 271.03913 | D11: 92.3035 | E11: 154.86722 | F11: 213.75511 | G11: 243.93229 | H11: 100.93106 | I11: 160.20351 | J11: 241.75391
A12: Total current assets | B12: 4079.5905 | C12: 7102.1088 | D12: 4353.7864 | E12: 3522.8654 | F12: 2721.74 | G12: 4037.5404 | H12: 3258.7608 | I12: 2630.5226 | J12: 2673.7679
A13: Units of funds | B13: 6411.1197 | C13: 6259.938 | D13: 6087.7368 | E13: 5767.9571 | F13: 6480.1988 | G13: 6307.2892 | H13: 6282.0947 | I13: 6185.9374 | J13: 6027.9432
A14: Tangible assets | B14: 0 | C14: 0 | D14: 0 | E14: 0 | F14: 0 | G14: 0 | H14: 0.36331 | I14: 1.08996 | J14: 2.17996
A15: Intangible assets | B15: 9263.1641 | C15: 9597.4157 | D15: 9894.1946 | E15: 10193.685 | F15: 10489.539 | G15: 10423.589 | H15: 10387.627 | I15: 10396.688 | J15: 10415.321
A16: Tangible and intangible assets | B16: 9263.1641 | C16: 9597.4157 | D16: 9894.1946 | E16: 10193.685 | F16: 10489.539 | G16: 10423.589 | H16: 10387.991 | I16: 10397.778 | J16: 10417.501
A17: Total fixed assets | B17: 15674.284 | C17: 15857.354 | D17: 15981.931 | E17: 15961.642 | F17: 16969.738 | G17: 16730.878 | H17: 16670.085 | I17: 16583.715 | J17: 16445.444
A18: Other assets | B18: 2.5 | C18: 2.5 | D18: 2.5 | E18: 2.5 | F18: 2.5 | G18: 2.5 | H18: 2.5 | I18: 2.5 | J18: 2.5
... A33: Total liabilities and equity | B33: 19756.374 | C33: 22961.962 | D33: 20338.218 | E33: 19487.008 | F33: 19693.978 | G33: 20770.919 | H33: 19931.346 | I33: 19216.738 | J33: 19121.712
A36: Balance sheet, 5 years
A38: Balance sheet, EURt | B38: 46022 | C38: 45657 | D38: 45291 | E38: 44926 | F38: 44561
A39: Cash and cash equivalents | B39: 3851.448 | C39: 2981.7109 | D39: 5647.5764 | E39: 3554.6165 | F39: 4420.3848
A40: Financial assets at fair value | B40: 0 | C40: 0 | D40: 0 | E40: 389.98701 | F40: 359.4183
A41: Receivables and accrued revenue | B41: 2979.6216 | C41: 811.89721 | D41: 838.97034 | E41: 719.68799 | F41: 3294.6731
A42: Other prepaid expenses | B42: 271.03913 | C42: 243.93229 | D42: 312.13243 | E42: 305.27045 | F42: 283.02576
A43: Total current assets | B43: 7102.1088 | C43: 4037.5404 | D43: 6798.6792 | E43: 4969.5619 | F43: 8357.502
A44: Units of funds | B44: 6259.938 | C44: 6307.2892 | D44: 5855.9843 | E44: 7473.5909 | F44: 7620.443
A45: Tangible assets | B45: 0 | C45: 0 | D45: 3.26994 | E45: 10.55768 | F45: 19.9368
A46: Intangible assets | B46: 9597.4157 | C46: 10423.589 | D46: 10601.297 | E46: 11224.416 | F46: 12185.28
A47: Tangible and intangible assets | B47: 9597.4157 | C47: 10423.589 | D47: 10604.567 | E47: 11234.973 | F47: 12205.217
A48: Total fixed assets | B48: 15857.354 | C48: 16730.878 | D48: 16460.552 | E48: 18708.564 | F48: 19825.66
A49: Other assets | B49: 2.5 | C49: 2.5 | D49: 2.5 | E49: 2.5 | F49: 2.5
... A64: Total liabilities and equity | B64: 22961.962 | C64: 20770.919 | D64: 23261.731 | E64: 23680.626 | F64: 28185.662

Sheet vhSA
A1: AS LHV Varahaldus
A2: =Cont!A2 -> 46112
A5: Financial and Operational Ratios, 9 quarters | J5: back
A7: Financial and operational ratios | B7: Q1-26 | C7: Q4-25 | D7: Q3-25 | E7: Q2-25 | F7: Q1-25 | G7: Q4-24 | H7: Q3-24 | I7: Q2-24 | J7: Q1-24
A8: Return on Equity (ROE) | B8: -0.11917927 | C8: 0.51004848 | D8: 0.16740578 | E8: 0.11481764 | F8: 0.021622355 | G8: 0.10337511 | H8: 0.12316124 | I8: 0.16479836 | J8: -0.043934028
A9: pre-tax ROE | B9: 0.10450243 | C9: 0.51004848 | D9: 0.16740578 | E9: 0.11481764 | F9: 0.13969463 | G9: 0.10337511 | H9: 0.12316124 | I9: 0.16479836 | J9: 0.11562705
A10: Return on Assets (ROA) | B10: -0.11257294 | C10: 0.49600327 | D10: 0.16181617 | E10: 0.10852719 | F10: 0.020423242 | G10: 0.099976074 | H10: 0.11920426 | I10: 0.15529296 | J10: -0.041607661
A11: Cost/Income ratio (C/I) | B11: 0.79345324 | C11: 0.42765864 | D11: 0.69525489 | E11: 0.77108748 | F11: 0.72212287 | G11: 0.7795554 | H11: 0.75326425 | I11: 0.69222926 | J11: 0.7588075
A12: Number of Pension Fund Customers (thous.) | B12: 140.099 | C12: 142.426 | D12: 140.638 | E12: 144.675 | F12: 149.678 | G12: 153.125 | H12: 149.802 | I12: 152.899 | J12: 157.26
A13: Number of Employees (full-time) | B13: 30.35 | C13: 29.35 | D13: 28.35 | E13: 31.6 | F13: 30.45 | G13: 29.45 | H13: 34.45 | I13: 37.85 | J13: 33
A16: Financial and Operational Ratios, 5 years
A18: Financial and operational ratios | B18: 2025 | C18: 2024 | D18: 2023 | E18: 2022 | F18: 2021
A19: Return on Equity (ROE) | B19: 0.19446777 | C19: 0.075971418 | D19: 0.072391306 | E19: -0.0040481566 | F19: 0.022833085
A20: Pre-tax ROE | B20: 0.22106163 | C20: 0.11361393 | D20: 0.093797367 | E20: 0.028680428 | F20: 0.06360715
A21: Return on Assets (ROA) | B21: 0.18864538 | C21: 0.073389216 | D21: 0.07036644 | E21: -0.003959813 | F21: 0.022229825
A22: Cost/Income ratio (C/I) | B22: 0.61111143 | C22: 0.74551394 | D22: 0.76578699 | E22: 0.90677992 | F22: 0.83798345
A23: Number of Pension Fund Customers (thous.) | B23: 142.426 | C23: 153.125 | D23: 159.867 | E23: 163.856 | F23: 170.277
A24: Number of Employees (full-time) | B24: 29.35 | C24: 29.45 | D24: 35.15 | E24: 31.1 | F24: 32.73

Sheet vhAUM
A1: AS LHV Varahaldus
A2: =Cont!A2 -> 46112
A5: Assets under management, 9 quarters | J5: back
A7: Fund assets, EURt | B7: 46112 | C7: 46022 | D7: 45930 | E7: 45838 | F7: 45747 | G7: 45657 | H7: 45565 | I7: 45473 | J7: 45382
A8: LHV Julge | B8: 328933.39 | C8: 326920.64 | D8: 311065.2 | E8: 282626.95 | F8: 274891.52 | G8: 265629.34 | H8: 262841.13 | I8: 256674.29 | J8: 256099.37
A9: LHV Ettevõtlik | B9: 856612.24 | C9: 867358.09 | D9: 834256.55 | E9: 819786.89 | F9: 837785.6 | G9: 850163.8 | H9: 835121.36 | I9: 856616.5 | J9: 875929.37
A10: LHV Tasakaalukas | B10: 126821.96 | C10: 128433.28 | D10: 126047.86 | E10: 102790.26 | F10: 105612.96 | G10: 105630.5 | H10: 105376.25 | I10: 106834.4 | J10: 108023.82
A11: LHV S | E11: 24565.954 | F11: 25452.087 | G11: 26322.484 | H11: 25914.813 | I11: 26870.83 | J11: 28061.969
A12: LHV Rahulik | B12: 11672.84 | C12: 11400.122 | D12: 11026.254 | E12: 11258.867 | F12: 11411.477 | G12: 11553.754 | H12: 11460.554 | I12: 11662.745 | J12: 12022.935
A13: LHV Roheline | E13: 22060.7 | F13: 24877.912 | G13: 30095.969 | H13: 30972.437 | I13: 33413.336 | J13: 38168.857
A14: LHV Indeks | B14: 224347.81 | C14: 204882.59 | D14: 190096.95 | E14: 166441.07 | F14: 153213.98 | G14: 152564.8 | H14: 141481.54 | I14: 133690.92 | J14: 124065.16
A15: LHV Roheline III | E15: 5262.2843 | F15: 5683.2836 | G15: 6416.4478 | H15: 7134.2321 | I15: 7015.3455 | J15: 6993.9829
A16: LHV Indeks III | B16: 97307.053 | C16: 94762.634 | D16: 83854.503 | E16: 75044.763 | F16: 69900.559 | G16: 70956.379 | H16: 61960.579 | I16: 58533.772 | J16: 53568.756
A17: LHV Aktiivne III | B17: 49144.554 | C17: 45799.939 | D17: 41772.182 | E17: 34458.362 | F17: 32525.842 | G17: 31494.82 | H17: 31186.426 | I17: 30194.37 | J17: 29419.528
A18: LHV Maailma Aktsiad Fond | B18: 10228.907 | C18: 9706.8892 | D18: 8896.4298 | E18: 8195.4887 | F18: 7882.4211 | G18: 7433.8701 | H18: 7954.3715 | I18: 7774.8144 | J18: 7429.5604
A19: LHV Euro Võlakirja Fond | B19: 13199.275 | C19: 12735.431 | D19: 12735.514 | E19: 10175.414 | F19: 9742.0015
A20: Total assets | B20: 1718268 | C20: 1701999.6 | D20: 1619751.4 | E20: 1562667 | F20: 1558979.6 | G20: 1558262.2 | H20: 1521403.7 | I20: 1529281.3 | J20: 1539783.3
A22: Quarterly returns | B22: I kv-26 | C22: IV kv-25 | D22: III kv-25 | E22: II kv-25 | F22: I kv-25 | G22: IV kv-24 | H22: III kv-24 | I22: II kv-24 | J22: I kv-24
A23: LHV Julge | B23: 0.0404 | C23: 0.026660865 | D23: 0.057887657 | E23: 0.02761449 | F23: 0.044450094 | G23: -0.014129731 | H23: 0.021969525 | I23: 0.021554427 | J23: 0.029253049
A24: LHV Ettevõtlik | B24: 0.0274 | C24: 0.027743211 | D24: 0.052305128 | E24: 0.0095648174 | F24: 0.037719864 | G24: 0.0059614453 | H24: 0.012031313 | I24: 0.027476878 | J24: 0.028776645
A25: LHV Tasakaalukas | B25: 0.0209 | C25: 0.019201869 | D25: 0.030788566 | E25: 0.011596071 | F25: 0.030241555 | G25: 0.0094770116 | H25: 0.017859043 | I25: 0.021399708 | J25: 0.014964503
A26: LHV S | E26: 0.0080267694 | F26: 0.020749499 | G26: 0.012035547 | H26: 0.027671111 | I26: 0.013571429 | J26: 0.015987737
A27: LHV Rahulik | B27: 0.0061 | C27: 0.014855697 | D27: 0.016858544 | E27: 0.0070590863 | F27: 0.015148423 | G27: 0.0083539769 | H27: 0.024432714 | I27: 0.012347436 | J27: 0.015476496
A28: LHV Roheline | E28: 0.043790019 | F28: -0.05149785 | G28: -0.057881879 | H28: 0.01858663 | I28: -0.0035778759 | J28: -0.053191928
A29: LHV Indeks | B29: -0.0131 | C29: 0.040190866 | D29: 0.084088754 | E29: 0.029892422 | F29: -0.040641588 | G29: 0.041970615 | H29: 0.01918009 | I29: 0.046623985 | J29: 0.087286377
A30: LHV Roheline III | E30: 0.034606457 | F30: -0.051251251 | G30: -0.057369315 | H30: 0.018450894 | I30: -0.0019182812 | J30: -0.059534548
A31: LHV Indeks III | B31: -0.012 | C31: 0.039773542 | D31: 0.083721653 | E31: 0.030244839 | F31: -0.041049643 | G31: 0.041973137 | H31: 0.018732693 | I31: 0.046539379 | J31: 0.08690013
A32: LHV Aktiivne III | B32: 0.0401 | C32: 0.043204524 | D32: 0.057953095 | E32: 0.026867628 | F32: 0.037830485 | G32: -0.019586598 | H32: 0.025733094 | I32: 0.018325861 | J32: 0.030271773
A33: LHV Maailma Aktsiad Fond | B33: 0.0019 | C33: 0.039232208 | D33: 0.061789907 | E33: -0.0071064377 | F33: 0.060920201 | G33: -0.058156653 | H33: 0.0040357347 | I33: 0.030631371 | J33: 0.047471176
A34: LHV Euro Võlakirja Fond | B34: -0.0056 | C34: 0.0047331932 | D34: 0.0074993075 | E34: 0.010013
A37: Assets under management, 5 years
A39: Fund assets, EURt | B39: 46022 | C39: 45657 | D39: 45291 | E39: 44926 | F39: 44561
A40: LHV XL | B40: 326920.64 | C40: 265629.34 | D40: 249870.02 | E40: 205841.76 | F40: 209538.03
A41: LHV L | B41: 867358.09 | C41: 850163.8 | D41: 875097.53 | E41: 799446.09 | F41: 824530.72
A42: LHV M | B42: 128433.28 | C42: 105630.5 | D42: 107844.01 | E42: 100044.31 | F42: 106715.05
A43: LHV S | C43: 26322.484 | D43: 29007.849 | E43: 28872.119 | F43: 33722.515
A44: LHV XS | B44: 11400.122 | C44: 11553.754 | D44: 12286.717 | E44: 12109.985 | F44: 14322.605
A45: LHV Eesti 100
A46: LHV Roheline | C46: 30095.969 | D46: 44681.874 | E46: 45304.253 | F46: 44635.832
A47: LHV Indeks | B47: 204882.59 | C47: 152564.8 | D47: 109167.19 | E47: 70997.11 | F47: 57031.9
A48: LHV Roheline III | C48: 6416.4478 | D48: 7465.7756 | E48: 6930.4951 | F48: 5971.7097
A49: LHV Indeks III | B49: 94762.634 | C49: 70956.379 | D49: 47617.486 | E49: 30678.704 | F49: 23923.016
A50: LHV Aktiivne III | B50: 45799.939 | C50: 31494.82 | D50: 28710.682 | E50: 24933.396 | F50: 21328.282
A51: LHV Maailma Aktsiad Fond | B51: 9706.8892 | C51: 7433.8701 | D51: 7363.3724 | E51: 7020.1935 | F51: 7408.5405
A52: LHV Euro Võlakirja Fond | B52: 12735.431
A53: Total assets | B53: 1701999.6 | C53: 1558262.2 | D53: 1519112.5 | E53: 1332178.4 | F53: 1349128.2
A55: Annual returns | B55: 2025 | C55: 2024 | D55: 2023 | E55: 2022 | F55: 2021
A56: LHV XL | B56: 0.16569376 | C56: 0.059354675 | D56: 0.068635969 | E56: 0.027799017 | F56: 0.10021614
A57: LHV L | B57: 0.133028 | C57: 0.076139172 | D57: 0.05624942 | E57: 0.036001864 | F57: 0.090335833
A58: LHV M | B58: 0.094903896 | C58: 0.06519877 | D58: 0.058583499 | E58: 0.023965448 | F58: 0.053254306
A59: LHV S | C59: 0.071008064 | D59: 0.066927392 | E59: -0.021953312 | F59: -0.0011423367
A60: LHV XS | B60: 0.054992403 | C60: 0.061930067 | D60: 0.06708696 | E60: -0.035834923 | F60: -0.0021262393
A61: LHV Eesti 100
A62: LHV Roheline | C62: -0.094666392 | D62: -0.055574464 | E62: -0.19832391 | F62: 0.028866823
A63: LHV Indeks | B63: 0.11416786 | C63: 0.20848435 | D63: 0.13994793 | E63: -0.1428211 | F63: 0.22826735
A64: LHV Roheline III | C64: -0.098863431 | D64: -0.058753608 | E64: -0.20019014 | F64: 0.046029266
A65: LHV Indeks III | B65: 0.11325098 | C65: 0.20743005 | D65: 0.14077362 | E65: -0.14246873 | F65: 0.22654513
A66: LHV Aktiivne III | B66: 0.17618805 | C66: 0.055072204 | D66: 0.060395663 | E66: -0.0032706072 | F66: 0.081453763
A67: LHV Maailma Aktsiad Fond | B67: 0.16234916 | C67: 0.02087668 | D67: 0.043002244 | E67: -0.13574894 | F67: 0.18059151
A68: LHV Euro Võlakirja Fond | B68: 0.02316

Sheet kPL 9Q
A1: AS LHV Kindlustus
A2: =Cont!A2 -> 46112
A5: Income statement, 9 quarters | J5: back
A7: Income statement, EURt | B7: Q1-26 | C7: Q4-25 | D7: Q3-25 | E7: Q2-25 | F7: Q1-25 | G7: Q4-24 | H7: Q3-24 | I7: Q2-24 | J7: Q1-24
A8: Net earned premiums | B8: 10544.873 | C8: 10591.15 | D8: 10568.425 | E8: 10212.732 | F8: 9708.2406 | G8: 9428.7881 | H8: 8930.1494 | I8: 8485.3316 | J8: 8124.4149
A9: Commissions expense | B9: 848.49666 | C9: 1264.8718 | D9: 1246.2605 | E9: 1135.9749 | F9: 946.57866 | G9: 1235.5766 | H9: 1168.1111 | I9: 1102.1287 | J9: 1036.2168
A10: Gross incurred losses | B10: 8249.9461 | C10: 7227.6465 | D10: 6829.951 | E10: 6257.7219 | F10: 6499.1857 | G10: 6528.8653 | H10: 5878.3825 | I10: 5359.8146 | J10: 5350.9454
A11: Operating expenses | B11: 1674.7811 | C11: 1483.058 | D11: 1308.8187 | E11: 1384.7295 | F11: 1316.0855 | G11: 1460.2805 | H11: 1220.4349 | I11: 1387.4239 | J11: 1306.9674
A12: Insurance result without reinsurance | B12: -228.35085 | C12: 615.57347 | D12: 1183.3946 | E12: 1434.3053 | F12: 946.39064 | G12: 204.0658 | H12: 663.22082 | I12: 635.96438 | J12: 430.28532
A13: Reinsurance result | B13: 460.77029 | C13: 449.99214 | D13: 555.67063 | E13: 370.31824 | F13: 349.08422 | G13: 155.18059 | H13: 305.79315 | I13: 215.15436 | J13: 286.25351
A14: Total result from insurance activities | B14: -689.12114 | C14: 165.58133 | D14: 627.724 | E14: 1063.9871 | F14: 597.30642 | G14: 48.88521 | H14: 357.42767 | I14: 420.81002 | J14: 144.03181
A15: Net other income | B15: 15.39802 | C15: -36.05108 | D15: 22.47611 | E15: 12.82012 | F15: 67.48255 | G15: 18.83217 | H15: 94.81567 | I15: 0.69708 | J15: 112.06591
A16: Income tax expense | B16: 0 | C16: 0 | D16: 0 | E16: 0 | F16: 0 | G16: 0 | H16: 0 | I16: 0 | J16: 0
A17: Net profit | B17: -673.72312 | C17: 129.53025 | D17: 650.20011 | E17: 1076.8072 | F17: 664.78897 | G17: 67.71738 | H17: 452.24334 | I17: 421.5071 | J17: 256.09772
A20: Income statement, 5 years
A22: Income statement, EURt | B22: 2025 | C22: 2024 | D22: 2023 | E22: 2022 | F22: 2021
A23: Net earned premiums | B23: 41080.547 | C23: 34968.684 | D23: 26037.973 | E23: 9651.6362 | F23: 2498.2769
A24: Commissions expense | B24: 4593.6858 | C24: 4542.0331 | D24: 3068.0454 | E24: 840.09692 | F24: 111.69782
A25: Gross incurred losses | B25: 26814.505 | C25: 23118.008 | D25: 16946.069 | E25: 6883.9678 | F25: 1210.3467
A26: Operating expenses | B26: 5492.6918 | C26: 5375.1067 | D26: 4765.5226 | E26: 3153.0248 | F26: 1894.4723
A27: Insurance result without reinsurance | B27: 4179.664 | C27: 1933.5363 | D27: 1258.3358 | E27: -1225.4533 | F27: -718.23995
A28: Reinsurance result | B28: 1725.0652 | C28: 962.38161 | D28: 1018.0593 | E28: 440.08939 | F28: 107.62102
A29: Total result from insurance activities | B29: 2454.5988 | C29: 971.15471 | D29: 240.27652 | E29: -1665.5427 | F29: -825.86097
A30: Net other income | B30: 66.7277 | C30: 226.41083 | D30: 64.41379 | E30: -27.67134 | F30: 4.06492
A31: Income tax expense | B31: 0 | C31: 0 | D31: 0 | E31: 0 | F31: 1.17009
A32: Net profit | B32: 2521.3265 | C32: 1197.5655 | D32: 304.69031 | E32: -1693.2141 | F32: -822.96614

Sheet kBS 9Q
A1: AS LHV Kindlustus
A2: =Cont!A2 -> 46112
A5: Balance sheet, 9 quarters | J5: back
A7: Balance sheet, EURt | B7: 46112 | C7: 46022 | D7: 45930 | E7: 45838 | F7: 45747 | G7: 45657 | H7: 45565 | I7: 45473 | J7: 45382
A8: Cash and cash equivalents | B8: 8452.6597 | C8: 9348.6953 | D8: 10309.748 | E8: 11502.81 | F8: 10998.795 | G8: 11188.09 | H8: 13771.788 | I8: 13337.122 | J8: 15601.624
A9: Financial assets | B9: 18466.4 | C9: 17438.047 | D9: 15774.984 | E9: 13854.27 | F9: 12793.013 | G9: 12490.522 | H9: 8954.1227 | I9: 8176.6675 | J9: 5589.6916
A10: Receivables and accrued revenue | B10: 155.71816 | C10: 68.22523 | D10: 94.25622 | E10: 33.61368 | F10: 14.62802 | G10: 103.62243 | H10: 53.11682 | I10: 70.37656 | J10: 39.59707
A11: Tangible and intangible assets | B11: 789.6143 | C11: 917.31847 | D11: 1047.9061 | E11: 1183.8904 | F11: 1273.8594 | G11: 1359.1532 | H11: 1451.0584 | I11: 1568.5609 | J11: 1614.986
A12: Other receivables and assets | B12: 151.53493 | C12: 147.58994 | D12: 139.73288 | E12: -743.61165 | F12: -256.36405 | G12: 225.51784 | H12: 340.16803 | I12: 475.47655 | J12: 688.95797
A13: Reinsurance assets | B13: 467.39283 | C13: 475.6896 | D13: 570.16226 | E13: 1696.1192 | F13: 1106.8764 | G13: 2044.0596 | H13: 712.13987 | I13: 514.03072 | J13: 561.11744
A14: Total assets | B14: 28483.319 | C14: 28395.565 | D14: 27936.79 | E14: 27527.091 | F14: 25930.808 | G14: 27410.965 | H14: 25282.394 | I14: 24142.234 | J14: 24095.974
A15: Insurance contracts liabilities (LCR and UPR) | B15: 9499.1362 | C15: 9226.7168 | D15: 9302.0488 | E15: 9786.886 | F15: 9590.9728 | G15: 9820.8364 | H15: 9740.9395 | I15: 9744.6472 | J15: 10028.379
A16: Liabilities for incurred claims (LIC) | B16: 6585.2801 | C16: 6108.1441 | D16: 5823.6934 | E16: 5676.5009 | F16: 5370.2938 | G16: 5437.3644 | H16: 5174.3564 | I16: 4047.3011 | J16: 3993.965
A17: Reinsurance liabilities | B17: 0 | C17: 0 | D17: 0 | E17: 0 | F17: 0 | G17: 0 | H17: 0 | I17: 0 | J17: 0
A18: Other liabilities from insurance activities | B18: 0 | C18: 0 | D18: 0 | E18: 0 | F18: 0 | G18: 0 | H18: 0 | I18: 0 | J18: 0
... A29: Total liabilities and equity | B29: 28483.319 | C29: 28395.565 | D29: 27936.79 | E29: 27527.091 | F29: 25930.808 | G29: 27410.965 | H29: 25282.394 | I29: 24142.234 | J29: 24095.974
A32: Balance sheet, 5 years
A34: Balance sheet, EURt | B34: 46022 | C34: 45657 | D34: 45291 | E34: 44926 | F34: 44561
A35: Cash and cash equivalents | B35: 9348.6953 | C35: 11188.09 | D35: 14021.759 | E35: 13086.479 | F35: 9358.6043
A36: Financial assets | B36: 17438.047 | C36: 12490.522 | D36: 5651.6275 | E36: 1083.6643 | F36: 155.4808
A37: Receivables and accrued revenue | B37: 68.22523 | C37: 103.62243 | D37: 28335.055 | E37: 10844.374 | F37: 3665.7508
A38: Tangible and intangible assets | B38: 917.31847 | C38: 1359.1532 | D38: 1712.838 | E38: 1267.8492 | F38: 965.82728
A39: Other receivables and assets | B39: 593.15911 | C39: 225.51784 | D39: 2582.3969 | E39: 1575.9991 | F39: 397.95404
A40: Reinsurance assets | B40: 30.12043 | C40: 2044.0596 | D40: 3265.4756 | E40: 2033.9321 | F40: 315.27598
A41: Total assets | B41: 28395.565 | C41: 27410.965 | D41: 55569.151 | E41: 29892.298 | F41: 14858.893
A42: Insurance contracts liabilities (LCR and UPR) | B42: 9226.7168 | C42: 9820.8364 | D42: 17207.511 | E42: 11735.038 | F42: 4248.4384
A43: Liabilities for incurred claims (LIC) | B43: 6108.1441 | C43: 5437.3644 | D43: 3997.1082 | E43: 2327.3854 | F43: 529.37277
A44: Reinsurance liabilities | B44: 0 | C44: 0 | D44: 278.57909 | E44: 202.49985 | F44: 35.62315
A45: Other liabilities from insurance activities | B45: 0 | C45: 0 | D45: 18424.872 | E45: 2797.8559 | F45: 486.04213
... A56: Total liabilities and equity | B56: 28395.565 | C56: 27410.965 | D56: 55569.151 | E56: 29892.298 | F56: 14858.893

Sheet kSA
A1: AS LHV Kindlustus
A2: =Cont!A2 -> 46112
A5: Financial and Operational Ratios, 9 quarters | J5: back
A7: Financial and operational ratios | B7: I kv-26 | C7: IV kv-25 | D7: III kv-25 | E7: II kv-25 | F7: I kv-25 | G7: IV kv-24 | H7: III kv-24 | I7: II kv-24 | J7: I kv-24
A8: Return on Equity (ROE) | B8: -0.30805814 | C8: 0.057563765 | D8: 0.30290949 | E8: 0.55928312 | F8: 0.3899255 | G8: 0.042026705 | H8: 0.29281541 | I8: 0.29438273 | J8: 0.19052413
A9: pre-tax ROE | B9: -0.30805814 | C9: 0.057563765 | D9: 0.30290949 | E9: 0.55928312 | F9: 0.3899255 | G9: 0.042026705 | H9: 0.29281541 | I9: 0.29438273 | J9: 0.19052413
A10: Return on Assets (ROA) | B10: -0.094758978 | C10: 0.018395148 | D10: 0.093783572 | E10: 0.16114471 | F10: 0.099702575 | G10: 0.010280974 | H10: 0.073201294 | I10: 0.069904272 | J10: 0.025717423
A11: Net loss ratio | B11: 0.82220336 | C11: 0.70933597 | D11: 0.68085445 | E11: 0.63030601 | F11: 0.69090705 | G11: 0.68693399 | H11: 0.6664486 | I11: 0.63022691 | J11: 0.67333612
A12: Net expense ratio | B12: 0.24523173 | C12: 0.29407404 | D12: 0.26239011 | E12: 0.26633703 | F12: 0.24626261 | G12: 0.32008913 | H12: 0.28952522 | I12: 0.32134838 | J12: 0.31326149
A13: Number of Customers (thous.) | B13: 237.058 | C13: 231.157 | D13: 226.774 | E13: 176.327 | F13: 174.115 | G13: 170.263 | H13: 168.773 | I13: 168.02 | J13: 164.414
A14: Number of Employees (full-time) | B14: 55.3 | C14: 55.9 | D14: 51.95 | E14: 53.65 | F14: 54.2 | G14: 55.725 | H14: 55.325 | I14: 56.075 | J14: 53.625
A17: Financial and Operational Ratios, 5 years
A19: Financial and operational ratios | B19: 2025 | C19: 2024 | D19: 2023 | E19: 2022 | F19: 2021
A20: Return on Equity (ROE) | B20: 0.35208191 | C20: 0.20419713 | D20: 0.059021266 | E20: -0.2888133 | F20: -0.11675887
A21: Pre-tax ROE | B21: 0.31895057 | C21: 0.2052271 | D21: 0.059021266 | E21: -0.2888133 | F21: -0.11659287
A22: Return on Assets (ROA) | B22: 0.060056811 | C22: 0.028863916 | D22: 0.0071304737 | E22: -0.075672357 | F22: -0.073343135
A23: Net loss ratio | B23: 0.67801188 | C23: 0.664776 | D23: 0.66787052 | E23: 0.739018 | F23: 0.48667691
A24: Net expense ratio | B24: 0.2571187 | C24: 0.31098268 | D24: 0.32182799 | E24: 0.46026731 | F24: 0.87661261
A25: Number of Customers (thous.) | B25: 231.157 | C25: 170.263 | D25: 160.832 | E25: 149.569 | F25: 143.058
A26: Number of Employees (full-time) | B26: 55.9 | C26: 55.725 | D26: 50.825 | E26: 37.98 | F26: 27.8

Sheet ESG
A1: AS LHV Group
A2: =Cont!A2 -> 46112
A5: ESG data | D5: back
A8: Sustainability indicator | C8: Impact (year 2025) | D8: Definition
A9: Greenhouse gas emissions | B9: Scope 1 GHG emissions | C9: 0 | D9: "Scope 1, 2 and 3 GHG emissions" means the scope of greenhouse gas emissions referred to in points (1)(e)(i) to (iii) of Annex III to Regulation (EU) 2016/1011 of the European Parliament and of the Council
B10: Scope 2 GHG emissions (market-based) | C10: 189 tCO2 eq
B11: Scope 3 GHG emissions | C11: 573,454 tCO2 eq
B12: Total GHG emissions (market-based) | C12: 573,643 tCO2 eq
B13: Activities in the fossil fuel sector | C13: No activities in fossil fuel sector | D13: "Companies active in the fossil fuel sector" means companies that derive any revenues from exploration, mining, extraction, production, processing, storage, refining or distribution, including transportation, storage and trade, of fossil fuels as defined in Article 2, point (62), of Regulation (EU) 2018/1999 of the European Parliament and of the Council
B14: Share of non-renewable energy consumption and production | C14: Share of non-renewable energy consumption: 21%. No production of energy | D14: "Renewable energy sources" means renewable non-fossil sources, namely wind, solar (solar thermal and solar photovoltaic) and geothermal energy, ambient energy, tide, wave and other ocean energy, hydropower, biomass, landfill gas, sewage treatment plant gas, and biogas. "Non-renewable energy sources" means energy sources other than those referred.
B15: Energy consumption intensity per high impact climate sector | C15: No activities in high impact climate sector | D15: "High impact climate sectors" means the sectors listed in Sections A to H and Section L of Annex I to Regulation (EC) No 1893/2006 of the European Parliament and of the Council
A16: Biodiversity | B16: Activities negatively affecting biodiversity-sensitive areas | C16: No impact | D16: "Biodiversity-sensitive areas" means Natura 2000 network of protected areas, UNESCO World Heritage sites and Key Biodiversity Areas (‘KBAs’), as well as other protected areas, as referred to in Appendix D of Annex II to Commission Delegated Regulation (EU) 2021/2139
A17: Water | B17: Emissions to water | C17: No impact | D17: "Emissions to water" means direct emissions of priority substances as defined in Article 2(30) of Directive 2000/60/EC of the European Parliament and of the Council and direct emissions of nitrates, phosphates and pesticides
A18: Waste | B18: Hazardous waste & radioactive waste generated | C18: No impact | D18: "Hazardous waste" means hazardous waste as defined in Article 3(2) of Directive 2008/98/EC of the European Parliament and of the Council. "Radioactive waste" means radioactive waste as defined in Article 3(7) of Council Directive 2011/70/Euratom.
A19: Social and employee matters | B19: Violations of UN Global Compact principles and Organisation for Economic Cooperation and Development (OECD) Guidelines for Multinational Enterprises | C19: To the best of our knowledge we have not been involved in violations of the UNGC principles or OECD Guidelines for Multinational Enterprises | D19: "UN Global Compact principles" means the ten Principles of the United Nations Global Compact
B20: Unadjusted gender pay gap | C20: Estonia 29.01% United Kingdom 13.23% LHV Group all companies 33.27% | D20: "Unadjusted gender pay gap" means the difference between average gross hourly earnings of male paid employees and of female paid employees as a percentage of average gross hourly earnings of male paid employees
B21: Board gender diversity | C21: 30% women (LHV Group Supervisory and Management Board combined) | D21: Board means the administrative, management or supervisory body of a company
B22: Involvement in manufacture or selling of controversial weapons | C22: No | D22: Controversial weapons: antipersonnel mines, cluster munitions, chemical weapons and biological weapons
A24: The information disclosed here is a selection of sustainability related data on LHV Group operations. It is not designed to be used for any specific purpose. For further information on sustainability matters please refer to the LHV Group Annual Report 2025 https://www.lhv.ee/assets/files/investor/LHV_Group_Annual_Report_2025-EN.pdf

Sheet Share
A1: AS LHV Group
A2: =Cont!A2 -> 46112
A5: Share information, 9 quarters | J5: back
B7: Q1-26 | C7: Q4-25 | D7: Q3-25 | E7: Q2-25 | F7: Q1-25 | G7: Q4-24 | H7: Q3-24 | I7: Q2-24 | J7: Q1-24
A8: Number of shares (thousands) | B8: 327856.15 | C8: 327856.15 | D8: 327856.15 | E8: 327856.15 | F8: 324188.93 | G8: 324188.93 | H8: 324188.93 | I8: 324188.93 | J8: 319832.74
A9: Share price (at the end of the period, EUR) | B9: 3.675 | C9: 3.575 | D9: 3.46 | E9: 3.75 | F9: 3.675 | G9: 3.245 | H9: 3.22 | I9: 3.41 | J9: 3.54
A10: Market capitalization (EURm) | B10: 1204.8713 | C10: 1172.0857 | D10: 1134.3823 | E10: 1229.4605 | F10: 1191.3943 | G10: 1051.9931 | H10: 1043.8884 | I10: 1105.4843 | J10: 1132.2079
A11: EPS (EUR) | B11: 0.060539596 | C11: 0.091338137 | D11: 0.078394636 | E11: 0.091654126 | F11: 0.088121187 | G11: 0.11028647 | H11: 0.10606796 | I11: 0.11809526 | J11: 0.12676767
A12: P/E (last 4 quarters) | B12: 11.415649 | C12: 10.25759 | D12: 9.4474307 | E12: 9.5486895 | F12: 8.6967658 | G12: 7.0618094 | H12: 7.1620056 | I12: 7.3491117 | J12: 7.6763952
A13: P/B | B13: 1.6705103 | C13: 1.5464896 | D13: 1.5568371 | E13: 1.7379703 | F13: 1.7768557 | G13: 1.5699368 | H13: 1.652382 | I13: 1.8592471 | J13: 1.9146485
A14: DPS (EUR) | B14: 0.17 | F14: 0.09 | J14: 0.13
A15: Presumed net dividend per share (EUR)* | B15: 0.013038471 | C15: 0.019227316 | D15: 0.016097837 | E15: 0.018645902 | F15: 0.018512317 | G15: 0.022816096 | H15: 0.021281399 | I15: 0.023979426 | J15: 0.02541048
A16: Number of shareholders | B16: 37825 | C16: 37831 | D16: 38461 | E16: 38538 | F16: 38833 | G16: 38646 | H16: 38971 | I16: 40168 | J16: 39117
A17: Shares traded during the period (thousands) | B17: 6403.002 | C17: 6223.734 | D17: 4239.866 | E17: 5788.355 | F17: 6403.002 | G17: 3546.108 | H17: 3160.331 | I17: 5022.043 | J17: 6413.46
A18: Number of trades | B18: 28124 | C18: 22015 | D18: 18077 | E18: 22870 | F18: 28124 | G18: 23301 | H18: 20200 | I18: 27448 | J18: 28880
A19: Trading volume (EURt) | B19: 23090.034 | C19: 20799.351 | D19: 14916.582 | E19: 21045.366 | F19: 23090.034 | G19: 11788.192 | H19: 10728.758 | I19: 17407.18 | J19: 22710.119
A20: Weighted average share price of the period | B20: 3.6061263 | C20: 3.3419409 | D20: 3.518173 | E20: 3.6358112 | F20: 3.6061263 | G20: 3.3242619 | H20: 3.394821 | I20: 3.466155 | J20: 3.5410089
A21: Index OMX Tallinn | B21: 2055.75 | C21: 2052.28 | D21: 1923.41 | E21: 2069.46 | F21: 1954.22 | G21: 1733 | H21: 1679.31 | I21: 1744.9 | J21: 1743.11
A22: Index OMX Baltic | B22: 1744.26 | C22: 1744.63 | D22: 1622.72 | E22: 1695.9 | F22: 1628.85 | G22: 1463.42 | H22: 1417.91 | I22: 1451.01 | J22: 1441.36
A23: Shares held by members of the Management Board and Supervisory Board | B23: 0.4092 | C23: 0.4092 | D23: 0.4264 | E23: 0.4317 | F23: 0.4357 | G23: 0.4362 | H23: 0.4562 | I23: 0.4562 | J23: 0.4594
A26: Share information, 5 years
B28: 2025 | C28: 2024 | D28: 2023 | E28: 2022 | F28: 2021
A29: Number of shares (thousands) | B29: 327856.15 | C29: 324188.93 | D29: 319832.74 | E29: 315424.53 | F29: 298641.67
A30: Share price (at the end of the period, EUR) | B30: 3.575 | C30: 3.245 | D30: 3.495 | E30: 3.34 | F30: 4.32
A31: Market capitalization (EURm) | B31: 1172.0857 | C31: 1051.9931 | D31: 1117.8154 | E31: 1053.5179 | F31: 1290.132
A32: EPS (EUR) | B32: 0.34852241 | C32: 0.45951396 | D32: 0.43648244 | E32: 0.18960933 | F32: 0.19508826
A33: P/E | B33: 10.25759 | C33: 7.0618094 | D33: 8.007195 | E33: 17.615167 | F33: 22.143824
A34: P/B | B34: 1.5464896 | C34: 1.5699368 | D34: 2.0382152 | E34: 2.551249 | F34: 4.0773227
A35: DPS (EUR) | B35: 0.09 | C35: 0.13 | D35: 0.04 | E35: 0.04 | F35: 0.029
A36: Presumed net dividend per share (EUR)* | B36: 0.072483371 | C36: 0.093487401 | D36: 0.08850319 | E36: 0.039701759 | F36: 0.040615386
A37: Number of shareholders | B37: 37831 | C37: 38646 | D37: 37547 | E37: 32001 | F37: 20404
A38: Shares traded during the period (thousands) | B38: 22654.957 | C38: 18141.942 | D38: 16955.617 | E38: 8312.842 | F38: 2888.21
A39: Number of trades | B39: 91086 | C39: 99829 | D39: 108758 | E39: 118271 | F39: 79660
A40: Trading volume (EURt) | B40: 79851.333 | C40: 62634.248 | D40: 61281.009 | E40: 81585.026 | F40: 99146.452
... A44: Shares held by members of the Management Board and Supervisory Board | B44: 0.4092 | C44: 0.4362 | D44: 0.4604 | E44: 0.465 | F44: 0.474
A48: TOP 10 shareholders as of 31 March 2026
A50: Name of the shareholder | B50: Stake | D50: Number of shares
A51: AS LÕHMUS HOLDINGS | B51: 0.113 | D51: 37162070
A52: Viisemann Investments AG | B52: 0.107 | D52: 35210370
A53: Rain Lõhmus | B53: 0.078 | D53: 25449470
A54: Krenno OÜ | B54: 0.038 | D54: 12446070
A55: AS Genteel | B55: 0.035 | D55: 11310000
A56: Ambient Sound Investments OÜ | B56: 0.032 | D56: 10314510
A57: SIA Krugmans | B57: 0.022 | D57: 7188990
A58: AS Altamira | B58: 0.022 | D58: 7139436
A59: Bonaares OÜ | B59: 0.02 | D59: 6691020
A60: Osaühing Merona Systems | B60: 0.018 | D60: 6037590

Sheet Bonds
A1: AS LHV Group
A2: =Cont!A2 -> 46112
A5: Subordinated bonds issued by AS LHV Group | J5: back
B8: 10.5% T2 bond | D8: 6,00% T2 bond | F8: 5,50% T2 bond
A10: ISIN | B10: EE3300003573 | D10: EE3300004993 | F10: XS3153067288
A11: Ticker | B11: LHVB105033A | D11: LHVB060034A
A12: Total number of securities | B12: 35000 | D12: 20000 | F12: 800
A13: Nominal value (EUR) | B13: 1000 | D13: 1000 | F13: 100000
A14: Issue value (EUR) | B14: 35000000 | D14: 20000000 | F14: 80000000
A15: Listing date | B15: 45201 | D15: 45614 | F15: 45916
A16: Maturity date | B16: 29.09.2033* | D16: 15.11.2034** | F16: 16.09.2035***
A17: Coupon rate (annual) | B17: 0.105 | D17: 0.06 | F17: 0.055
A18: Coupon frequency | B18: quarterly | D18: quarterly | F18: annually
B21: 10.50% AT1 bond | D21: 9.50% AT1 bond
A23: ISIN | B23: EE3300002856 | D23: XS3042781024
A24: Total number of securities | B24: 200 | D24: 50000
A25: Nominal value (EUR) | B25: 100000 | D25: 1000
A26: Issue value (EUR) | B26: 20000000 | D26: 50000000
A27: Listing date | B27: 44897 | D27: 45777
A28: Maturity date | B28: unfixed | D28: unfixed
A29: Coupon rate (annual) | B29: 0.105 | D29: 0.095
A30: Coupon frequency | B30: quarterly | D30: semi-annually
A35: * Bonds are issued with a maturity of 10 years, with the maturity date being 29 September 2033. According to the Terms and Conditions of the Bonds, the LHV Group is entitled to redeem the Bonds early at any time after five years have elapsed from the date of issue by notifying the bondholders at least 30 days in advance. The LHV Group is further entitled to redeem the Bonds early before the expiry of the five-year term if there is a change in the regulatory classification of the Bonds resulting in the Bonds, in the opinion of the LHV Group, ceasing to qualify as own funds of a credit institution or if there is a material change in the tax regime applicable to the Bonds, provided that the LHV Group could not have foreseen such changes at the time of issuance of the Bonds. The Bonds may be redeemed early by the LHV Group on the above-described grounds only if the European Central Bank or another competent authority has granted its consent to such early redemption. Under no circumstances shall the bondholders have the right to demand early redemption of the Bonds.
A43: **Bonds are issued with a maturity of 10 years, with the maturity date being 15 November 2034. According to the Terms and Conditions of the Bonds, the LHV Group is entitled to redeem the Bonds early at any time after five years have elapsed from the date of issue by notifying the bondholders at least 30 days in advance. The LHV Group is further entitled to redeem the Bonds early before the expiry of the five-year term if there is a change in the regulatory classification of the Bonds resulting in the Bonds, in the opinion of the LHV Group, ceasing to qualify as own funds of a credit institution or if there is a material change in the tax regime applicable to the Bonds, provided that the LHV Group could not have foreseen such changes at the time of issuance of the Bonds. The Bonds may be redeemed early by the LHV Group on the above-described grounds only if the European Central Bank or another competent authority has granted its consent to such early redemption. Under no circumstances shall the bondholders have the right to demand early redemption of the Bonds.
A51: ***Bonds are issued with a maturity of 10 years, with the maturity date being 16 September 2035. According to the Terms and Conditions of the Bonds, the LHV Group is entitled to redeem the Bonds early on any interest payment date after five years have elapsed from the date of issue by notifying the bondholders at least 30 days in advance. The LHV Group is further entitled to redeem the Bonds early before the expiry of the five-year term if there is a change in the regulatory classification of the Bonds resulting in the Bonds, in the opinion of the LHV Group, ceasing to qualify as own funds of a credit institution or if there is a material change in the tax regime applicable to the Bonds, provided that the LHV Group could not have foreseen such changes at the time of issuance of the Bonds. The Bonds may be redeemed early by the LHV Group on the above-described grounds only if the European Central Bank or another competent authority has granted its consent to such early redemption. Under no circumstances shall the bondholders have the right to demand early redemption of the Bonds.

Sheet Cal
A1: AS LHV Group
A2: =Cont!A2 -> 46112
A5: Financial Calendar 2026
A7: 46063 | B7: Q4 2025 and unaudited full year results
A8: 46065 | B8: Disclosure of Financial Plan
A9: 46070 | B9: January results
A10: 46084 | B10: Audited results for 2025
A11: 46098 | B11: February results
A12: 46106 | B12: Annual General Meeting
A13: 46121 | B13: Ex-dividend date (ex-date)
A14: 46133 | B14: Q1 interim results
A15: 46154 | B15: April results
A16: 46189 | B16: May results
A17: 46224 | B17: Q2 interim results
A18: 46245 | B18: July results
... A22: 46371 | B22: November results
A25: Contacts
A27: Mihkel Torim
A28: LHV Group CEO
A29: mihkel.torim@lhv.ee
A31: Meelis Paakspuu
A32: LHV Group CFO
A33: meelis.paakspuu@lhv.ee
A35: AS LHV Group
A36: Registry code: 11098261
A37: Tartu mnt 2, 10145 Tallinn
A38: Telephone 6 800 400
A39: info@lhv.ee
